 Dungeon Crawl Stone Soup version 0.26.0-8-g74fc34ddfb (webtiles) character file.

Game seed: 4409916304819659590

14137605 Froggeryz the Gargoyle Barricade (level 27, 199/199 HPs)
             Began as a Gargoyle Fighter on Jan 12, 2021.
             Was the Champion of the Shining One.
             Escaped with the Orb
             ... and 15 runes!
             The game lasted 03:26:06 (112773 turns).

Froggeryz the Gargoyle Barricade (GrFi)           Turns: 112773, Time: 03:26:06

Health: 199/199    AC: 70    Str: 29    XL:     27
Magic:  40/40      EV: 16    Int: 13    God:    the Shining One [******]
Gold:   13851      SH: 36    Dex: 15    Spells: 37/42 levels left

rFire    + + .     SeeInvis .   I - +9 eveningstar (holy)
rCold    + + +     Faith    +   M - +8 tower shield {AC+3}
rNeg     + + +     Spirit   .   C - +12 gold dragon scales
rPois    ∞         Reflect  .   S - +1 hat
rElec    +         Harm     .   b - +2 cloak {rCorr}
rCorr    +         Rampage  .   P - +2 pair of gloves "Caodiel" {Regen+}
Will     +++..                  z - +0 pair of boots {run}
Stlth    ..........             p - amulet of Ephemeral Luck {Faith rC+}
HPRegen  0.83/turn              R - ring "Kidemif" {rC++ Str-5 Dex+4 Stlth+}
MPRegen  0.27/turn              G - ring "Raseojoa" {rPois rF+ rC- Will+ Str+3}

@: flying, glowing, quick
A: antennae 1, big wings, repulsion field 1, iridescent scales 1, blurry vision
1, deformed body, negative energy resistance 1, sense surroundings 1,
electricity resistance, strong 2, unbreathing, evolution 1, petrification
resistance, miasma immunity, AC +20
0: Orb of Zot
}: 15/15 runes: serpentine, barnacled, slimy, silver, golden, iron, obsidian,
icy, bone, abyssal, demonic, glowing, magical, fiery, dark
a: Stop Flying, Renounce Religion, Divine Shield, Cleansing Flame, Summon Divine
Warrior


You escaped.
You worshipped the Shining One.
The Shining One was exalted by your worship.
You visited 18 branches of the dungeon, and saw 88 of its levels.
You visited Pandemonium 1 time, and saw 20 of its levels.
You visited the Abyss 4 times.
You also visited: Trove, Bailey, Ice Cave and Volcano.

You collected 23559 gold pieces.
You spent 9708 gold pieces at shops.

Inventory:

Hand Weapons
 I - a +9 eveningstar of holy wrath (weapon)
Missiles
 B - 90 javelins
 Q - 14 silver javelins (quivered)
Armour
 b - a +2 cloak of preservation (worn)
 y - the +2 pair of gloves of Gozag's Hope {rF+ rC- Dex+4}
   (You found it in Pandemonium)

   It affects your dexterity (+4).
   It protects you from fire.
   It makes you vulnerable to cold.
 z - a +0 pair of boots of running (worn)
 C - +12 gold dragon scales (worn)
 E - the +2 helmet of Laciemet {Str+5}
   (Okawaru gifted it to you on level 11 of the Dungeon)

   It affects your strength (+5).
 K - the cursed -1 pair of gloves of the Yeti {rC+ rN+ Int+2 Dex-2}
   (You found it on level 1 of the Vaults)

   It affects your intelligence (+2).
   It affects your dexterity (-2).
   It protects you from cold.
   It protects you from negative energy.
   It has a curse placed upon it.
 M - a +8 tower shield of protection (worn)
 O - the +0 pair of gloves of Insatiable Hunger {Will+}
   (Okawaru gifted it to you on level 4 of the Shoals)

   It affects your willpower, your defense against some magical effects.
 P - the +2 pair of gloves "Caodiel" (worn) {Regen+}
   (Okawaru gifted it to you on level 3 of the Realm of Zot)

   It increases your rate of regeneration.
 S - a +1 hat (worn)
 U - the +0 kite shield "Tiusoacoxt" {Rampage rF+ Int+2 SInv}
   (You found it on level 5 of the Pits of Slime)

   It affects your intelligence (+2).
   It protects you from fire.
   It lets you see invisible.
   It bestows one free step when moving towards enemies.
 X - the +8 orange crystal plate armour {Archmagi, Int+3 Clar}
   (You bought it in a shop on level 1 of the Vaults)

   It affects your intelligence (+3).
   It protects you against confusion.
Jewellery
 e - a +4 ring of slaying
 g - an uncursed ring of willpower
 h - an uncursed ring of protection from fire
 l - an uncursed amulet of reflection
 p - the amulet of Ephemeral Luck (around neck) {Faith rC+}
   (You found it on level 4 of the Lair of Beasts)

   [amulet of faith]

   It allows you to gain divine favour quickly.
   It protects you from cold.
 t - the ring of Gettocsahe {rF- MP+9 Slay+6}
   (You took it off a gnoll on level 8 of the Dungeon)

   [ring of magical power]

   It affects your accuracy and damage with ranged weapons and melee attacks
   (+6).
   It makes you vulnerable to fire.
   It affects your magic capacity (+9).
 G - the ring "Raseojoa" (right hand) {rPois rF+ rC- Will+ Str+3}
   (You took it off an iron imp on level 7 of the Iron City of Dis)

   [ring of protection from fire]

   It affects your strength (+3).
   It protects you from fire.
   It makes you vulnerable to cold.
   It protects you from poison.
   It affects your willpower, your defense against some magical effects.
 R - the ring "Kidemif" (left hand) {rC++ Str-5 Dex+4 Stlth+}
   (You found it on level 5 of the Pits of Slime)

   [ring of stealth]

   It affects your strength (-5).
   It affects your dexterity (+4).
   It greatly protects you from cold.
   It makes you more stealthy.
 W - the ring of Ciokiun {rPois rC+}
   (You found it on level 3 of the Tomb of the Ancients)

   [ring of protection from cold]

   It protects you from cold.
   It protects you from poison.
 Y - an uncursed ring of resist corrosion
 Z - the ring "Ajahy" {Int+6 Dex+6}
   (You found it on level 3 of the Tomb of the Ancients)

   [ring of dexterity]

   It affects your intelligence (+6).
   It affects your dexterity (+6).
Wands
 c - a wand of digging (13)
 i - a wand of acid (56)
 D - a wand of iceblast (90)
 V - a wand of flame (188)
Scrolls
 f - 2 scrolls of summoning
 k - 10 scrolls of magic mapping
 m - 22 scrolls of identify
 n - 13 scrolls of blinking
 o - 4 scrolls of silence
 q - a scroll of brand weapon
 r - 57 scrolls of remove curse
 u - 8 scrolls of fear
 w - 14 scrolls of fog
 x - 17 scrolls of teleportation
 F - 11 scrolls of immolation
Potions
 a - 5 potions of berserk rage
 d - 12 potions of might
 j - 9 potions of ambrosia
 s - 3 potions of cancellation
 v - 30 potions of curing
 A - 17 potions of heal wounds
 H - a potion of magic
 J - 3 potions of resistance
 L - 12 potions of haste
Miscellaneous
 N - a figurine of a ziggurat
 T - a phantom mirror


   Skills:
 O Level 27 Fighting
 + Level 23.8 Maces & Flails
 O Level 27 Throwing
 O Level 27 Armour
 - Level 10.4 Dodging
 + Level 16.8 Stealth
 O Level 27 Shields
 - Level 8.0 Spellcasting
 - Level 13.6 Translocations
 O Level 27 Invocations
 + Level 14.1 Evocations


You had 37 spell levels left.
You knew the following spells:

 Your Spells              Type           Power        Failure   Level
a - Blink                 Tloc           N/A          1%          2
b - Lesser Beckoning      Tloc           20%          1%          3

Your spell library contained the following spells:

 Spells                   Type           Power        Failure   Level
 Apportation              Tloc           80%          1%          1
 Gell's Gravitas          Tloc           20%          1%          3
 Teleport Other           Tloc           40%          1%          3
 Passage of Golubria      Tloc           N/A          2%          4
 Portal Projectile        Hex/Tloc       44%          14%         3
 Iskenderun's Mystic Bla  Conj/Tloc      22%          43%         4
 Animate Skeleton         Necr           10%          58%         1
 Beastly Appendage        Tmut           10%          58%         1
 Corona                   Hex            5%           58%         1
 Foxfire                  Conj/Fire      20%          58%         1
 Freeze                   Ice            20%          58%         1
 Magic Dart               Conj           20%          58%         1
 Pain                     Necr           20%          58%         1
 Sandblast                Erth           10%          58%         1
 Shock                    Conj/Air       20%          58%         1
 Sting                    Tmut/Pois      20%          58%         1
 Summon Small Mammal      Summ           20%          58%         1
 Call Imp                 Summ           5%           75%         2
 Corpse Rot               Necr/Air       N/A          75%         2
 Ensorcelled Hibernation  Hex/Ice        10%          75%         2
 Passwall                 Tmut/Erth      4%           75%         2
 Poisonous Vapours        Pois/Air       10%          75%         2
 Searing Ray              Conj           10%          75%         2
 Slow                     Hex            5%           75%         2
 Swiftness                Air            5%           75%         2
 Wereblood                Tmut           5%           75%         2
 Summon Forest            Summ/Tloc      11%          78%         5
 Call Canine Familiar     Summ           5%           92%         3
 Confusing Touch          Hex            5%           92%         3
 Conjure Flame            Conj/Fire      5%           92%         3
 Dazzling Flash           Conj/Hex       10%          92%         3
 Frozen Ramparts          Ice            10%          92%         3
 Ignite Poison            Fire/Tmut/Pois 5%           92%         3
 Inner Flame              Hex/Fire       5%           92%         3
 Mephitic Cloud           Conj/Pois/Air  5%           92%         3
 Ozocubu's Armour         Ice            5%           92%         3
 Spider Form              Tmut/Pois      2%           92%         3
 Static Discharge         Conj/Air       5%           92%         3
 Stone Arrow              Conj/Erth      10%          92%         3
 Summon Guardian Golem    Hex/Summ       5%           92%         3
 Tukima's Dance           Hex            5%           92%         3
 Vampiric Draining        Necr           2%           92%         3
 Airstrike                Air            2%           100%        4
 Animate Dead             Necr           2%           100%        4
 Cause Fear               Hex            2%           100%        4
 Dispel Undead            Necr           5%           100%        4
 Fulminant Prism          Conj/Hex       2%           100%        4
 Hailstorm                Conj/Ice       5%           100%        4
 Ice Form                 Ice/Tmut       5%           100%        4
 Leda's Liquefaction      Hex/Erth       2%           100%        4
 Olgreb's Toxic Radiance  Pois           5%           100%        4
 Petrify                  Tmut/Erth      5%           100%        4
 Sticky Flame             Conj/Fire      5%           100%        4
 Summon Ice Beast         Ice/Summ       5%           100%        4
 Summon Lightning Spire   Summ/Air       5%           100%        4
 Agony                    Necr           5%           100%        5
 Alistair's Intoxication  Tmut/Pois      3%           100%        5
 Blade Hands              Tmut           2%           100%        5
 Bolt of Magma            Conj/Fire/Erth 2%           100%        5
 Borgnjor's Vile Clutch   Necr/Erth      2%           100%        5
 Excruciating Wounds      Necr           2%           100%        5
 Fireball                 Conj/Fire      2%           100%        5
 Irradiate                Conj/Tmut      2%           100%        5
 Iskenderun's Battlesphe  Conj           5%           100%        5
 Lee's Rapid Deconstruct  Erth           2%           100%        5
 Lightning Bolt           Conj/Air       2%           100%        5
 Metabolic Englaciation   Hex/Ice        2%           100%        5
 Silence                  Hex/Air        2%           100%        5
 Summon Demon             Summ           2%           100%        5
 Yara's Violent Unravell  Hex/Tmut       2%           100%        5
 Death Channel            Necr           2%           100%        6
 Eringya's Noxious Bog    Tmut/Pois      2%           100%        6
 Freezing Cloud           Conj/Ice/Air   2%           100%        6
 Invisibility             Hex            5%           100%        6
 Iron Shot                Conj/Erth      2%           100%        6
 Ozocubu's Refrigeration  Ice            2%           100%        6
 Shadow Creatures         Summ           N/A          100%        6
 Simulacrum               Ice/Necr       2%           100%        6
 Starburst                Conj/Fire      2%           100%        6
 Malign Gateway           Summ/Tloc      11%          100%        7
 Orb of Destruction       Conj           2%           100%        7
 Spellforged Servitor     Conj/Summ      2%           100%        7
 Summon Hydra             Summ           2%           100%        7
 Chain Lightning          Conj/Air       2%           100%        8
 Discord                  Hex            2%           100%        8
 Ignition                 Fire           2%           100%        8
 Lehudib's Crystal Spear  Conj/Erth      2%           100%        8
 Absolute Zero            Ice            2%           100%        9
 Fire Storm               Conj/Fire      2%           100%        9
 Shatter                  Erth           2%           100%        9
 Sublimation of Blood     Necr           Unusable     N/A         2
 Statue Form              Tmut/Erth      Unusable     N/A         6

Dungeon Overview and Level Annotations

Branches:
Dungeon (15/15)            Temple (1/1) D:7            Lair (6/6) D:8
 Shoals (4/4) Lair:4        Snake (4/4) Lair:3        Slime (5/5) Lair:6
    Orc (2/2) D:11            Elf (3/3) Orc:2        Vaults (5/5) D:14
  Crypt (3/3) Vaults:2       Tomb (3/3) Crypt:3      Depths (5/5) D:15
   Hell (visited)             Dis (7/7) Hell            Geh (7/7) Hell
    Coc (7/7) Hell            Tar (7/7) Hell            Zot (5/5) Depths:5
 Bailey (visited)           IceCv (visited)         Volcano (visited)

Altars:
Ashenzari
Cheibriados
Dithmenos
Fedhas
Hepliaklqana
Kikubaaqudgha
Makhleb
Nemelex Xobeh
Okawaru
Sif Muna
Trog
Uskayaw
Vehumet
Wu Jian
Xom
Yredelemnul
The Shining One
Beogh
Jiyva
Lugonu

Shops:
D:6 *   D:7 ?   Orc:1 [   Orc:2 :[}!?   Elf:1 !}   Elf:2 :   Shoals:3 =
Shoals:4 [   Vaults:1 [   Vaults:3 :   Depths:1 !   Depths:2 [}:*:

Portals:
Hell: Lair:6 Depths:1 Depths:2 Depths:3 Depths:4 Depths:5
Abyss: Snake:1 Depths:4
Pandemonium: Depths:3 Depths:4
Ziggurat: Depths:5

Annotations:
Slime:4 exclusion: upstairs


Innate Abilities, Weirdness & Mutations

You are resistant to torment.
Your stone body is resilient. (AC +20)
You are immune to poison.
Your large and strong wings let you fly indefinitely.
You resist negative energy. (rN+)
You are resistant to electric shocks. (rElec)
You can survive without breathing.
You are immune to petrification.
You are immune to miasma.
You have a pair of small antennae on your head.
You are surrounded by a mild repulsion field. (EV +2)
You are partially covered in iridescent scales. (AC +2)
Scrolls take you a little longer to read.
Armour fits poorly on your strangely shaped body.
You passively map a small area around you.
Your muscles are very strong. (Str +4)
You evolve.


Message History

You resist with almost no effort.
(D) Dungeon (T) Temple (L) Lair (A) Shoals (P) Snake Pit (M) Slime Pits (O) Orcish Mines (E) Elven Halls (V) Vaults (C) Crypt (W) Tomb (U) Depths (H) Hell (I) Dis (G) Gehenna (X) Cocytus (Y) Tartarus (Z) Zot
Where to? (Enter - D:3 @ (x,y), ? - help)
There is a stone staircase leading up here.
You fly upwards.
There is a stone staircase leading down here.
Your extra speed is starting to run out.
You feel yourself slow down.
There is a stone staircase leading up here.
You fly upwards.
There is a stone staircase leading down here.
There is an open door here.
There is an open door here.
You see here a +0 dagger.
There is a staircase leading out of the dungeon here.
You have escaped!

#.# #.# #........##.# #.# #.#
#...#.#####.# #'## #.# ##.##.#
#.# ...## #.# #.##.#####.# ....##
#.# #.##.......# .....## ###
#.##.######. ......####
###########.#...####.. ..(...'..#
#......#....†......'..
......##.###....@.####.#...####..
.....###..........####.##.## ##.
....## #####......##......# ##
...## ##.....##.#.##.# # #'#####
##....##.#.##.#### ......#
##.....##.#.......# #.#.#.#
##......##.####.##.#
..#.#.#####...##..##......##.####
.........#...###.####.######.....


There were no monsters in sight!

Vanquished Creatures
  Cerebov (Pan)
  Antaeus (Coc:7)
  the Royal Jelly (Slime:5)
  Asmodeus (Geh:7)
  Gloorx Vloq (Pan)
  the Serpent of Hell (Geh:7)
  Ereshkigal (Tar:7)
  Lom Lobon (Pan)
  Mnoleg (Pan)
  Dispater (Dis:7)
  11 ancient liches
  6 orbs of fire
  Mara (Shoals:3)
  4 pandemonium lords
  27 royal mummies
  6 Killer Klowns
  Bai Suzhen (Snake:4)
  Vashnia (Snake:4)
  Saint Roka (Vaults:4)
  11 shard shrikes
  A caustic shrike (Depths:3)
  2 curse toes
  The ghost of wheals the Drop of Water, a veteran GnDe of Ru (Depths:3)
  Geryon (Hell)
  12 golden dragons
  A profane servitor (Crypt:3)
  Jory (Vaults:4)
  13 bone dragons
  25 Tzitzimimeh
  23 Brimstone Fiends
  8 doom hounds
  5 iron giants
  2 hellephants
  15 Hell Sentinels
  5 electric golems
  29 Orb Guardians
  16 Ice Fiends
  21 tentacled monstrosities
  9 liches
  Asterion (Snake:3)
  7 deep elf master archers
  7 quicksilver dragons
  9 deep elf blademasters
  2 krakens
  Polyphemus (Shoals:3)
  14 ancient champions
  19 Executioners
  23 titans
  23 acid blobs
  10 sphinxes
  19 tentacled starspawn
  6 death cobs
  A draconian monk (Zot:4)
  8 shadow dragons
  Ilsuiw (Shoals:2)
  5 tengu reavers
  8 revenants
  20 storm dragons
  2 warmongers (Pan)
  Donald (Vaults:4)
  10 nagarajas
  13 azure jellies
  9 deep elf sorcerers
  A daeva (Pan)
  20 fire giants
  37 frost giants
  19 cacodemons
  The ghost of Wecaes the Arsonist, a journeyman HOFE of Okawaru (Shoals:2)
  2 orc warlords
  18 vault wardens
  14 iron dragons
  Aizul (Snake:4)
  6 draconian shifters
  3 draconian knights (Zot:4)
  2 draconian scorchers
  29 balrugs
  A spectral juggernaut (Depths:3)
  An emperor scorpion (shapeshifter) (Vaults:4)
  A ghost moth (shapeshifter) (Crypt:2)
  2 corrupters
  3 curse skulls
  2 angels (Depths:1)
  Louise (D:14)
  A juggernaut zombie (Crypt:2)
  7 deep elf elementalists
  5 spriggan defenders
  14 ironheart preservers
  3 draconian stormcallers
  6 ghost moths
  56 reapers
  6 ghouls
  7 draconian annihilators
  23 war gargoyles
  2 caustic shrike skeletons
  30 stone giants
  2 elemental wellsprings (Coc:7)
  7 green draconians
  43 very ugly things
  4 blood saints (Pan)
  8 vampire knights
  6 bennus
  7 black suns (Pan)
  10 black draconians
  6 deep elf demonologists
  5 spark wasps
  11 purple draconians
  11 lorocyprocas
  3 entropy weavers
  9 deep elf annihilators
  2 dire elephants
  9 yellow draconians
  8 red draconians
  Azrael (D:12)
  11 white draconians
  12 ettins
  An eidolon (Crypt:2)
  30 mummy priests
  5 merfolk impalers
  Snorg (D:10)
  10 fire dragons
  33 blizzard demons
  17 green deaths
  8 merfolk javelineers
  7 deep elf death magi
  6 death oozes
  16 great orbs of eyes
  A shambling mangrove (Abyss:3)
  A fire dragon (shapeshifter) (Abyss:3)
  A spectral tengu (Depths:3)
  16 jiangshi
  11 quicksilver dragon zombies
  A spectral shadow dragon (Depths:3)
  11 yaktaur captains
  6 deep elf high priests
  Fannar (D:10)
  28 vault guards
  6 boulder beetles
  3 hydras
  3 monstrous demonspawn (Pan)
  14 naga warriors
  26 ice dragons
  A juggernaut simulacrum (Depths:3)
  4 quicksilver dragon skeletons
  14 rakshasas
  2 caustic shrike simulacra (Depths:3)
  10 anacondas
  7 death knights
  A ghost crab (Abyss:3)
  3 merfolk avatars
  12 centaur warriors
  2 satyrs
  2 catoblepae
  4 spriggan air magi
  2 hell beasts
  A spectral sphinx (Depths:3)
  118 death scarabs
  32 dancing weapons
  9 ogre magi
  26 two-headed ogres
  8 deep troll shamans
  4 merfolk aquamancers
  8 deep troll earth magi
  4 vampire magi
  6 orc high priests
  5 death yaks
  13 hell hogs
  5 spriggan berserkers
  A spectral storm dragon (Depths:3)
  19 naga sharpshooters
  13 thrashing horrors
  Nergalle (D:12)
  8 tengu warriors
  5 titan zombies
  7 storm dragon zombies
  27 soul eaters
  A fire crab (shapeshifter) (Vaults:2)
  32 hell knights
  49 sun demons
  4 shock serpents
  8 iron golems
  31 deep elf knights
  13 wretched stars
  42 small abominations
  The ghost of lasso the Cleaver, a novice MiFi (D:8)
  27 sixfirhies
  105 skeletal warriors
  6 titan skeletons
  3 salamander mystics
  10 iron trolls (Dis:7)
  7 spatial maelstroms
  14 shadow wraiths
  7 storm dragon skeletons
  A spark wasp zombie (Depths:1)
  A sea snake (shapeshifter) (Vaults:5)
  10 flayed ghosts
  12 anaconda zombies
  8 torturous demonspawn
  4 golden dragon zombies
  A goliath frog (Crypt:2)
  12 sea snakes
  An unseen horror (shapeshifter) (Vaults:1)
  6 unseen horrors
  A death drake (Tar:7)
  A quicksilver dragon simulacrum (Abyss:3)
  7 bog bodies
  A cherub (Pan)
  3 shadow dragon zombies
  A ghost moth zombie (Geh:1)
  9 shadow demons
  71 starcursed masses
  10 gelid demonspawn (Pan)
  31 deep elf archers
  14 deep trolls
  5 infernal demonspawn (Pan)
  3 spriggan druids (Depths:2)
  6 glowing orange brains
  A wolf spider zombie (Coc:7)
  2 anaconda skeletons
  A lindwurm (Lair:5)
  10 naga ritualists
  14 necromancers
  22 orc knights
  9 ironbrand convokers
  Pikel (D:6)
  9 wizards
  An iron giant skeleton (Crypt:2)
  13 phantasmal warriors
  27 harpies
  8 mana vipers
  3 iron dragon zombies
  A golden dragon skeleton (Depths:4)
  A faun (shapeshifter) (Vaults:5)
  9 shadow dragon skeletons
  7 frost giant zombies
  9 shining eyes
  6 stone giant zombies
  66 deep elf magi
  9 fire giant zombies
  9 orc sorcerers
  3 oklob plants (Snake:2)
  A sphinx skeleton (Depths:3)
  3 fauns
  19 salamanders
  7 wolf spiders
  7 cyclopes
  108 slime creatures
  4 iron dragon skeletons
  10 frost giant skeletons
  10 manticores
  A shining eye (shapeshifter) (Depths:5)
  47 ugly things
  28 elephants
  27 moths of wrath
  2 shock serpent zombies
  Maurice (D:10)
  9 stone giant skeletons
  2 worldbinders (Abyss:3)
  6 dire elephant zombies
  4 apocalypse crabs
  11 vault sentinels
  Joseph (D:9)
  7 guardian serpents
  7 fire giant skeletons
  14 merfolk sirens
  38 rust devils
  10 ice statues
  2 eyes of devastation
  5 gargoyles
  37 naga magi
  A spectral elf (Depths:3)
  2 centaur zombies
  45 smoke demons
  4 water nymphs
  16 molten gargoyles
  3 shock serpent skeletons
  A titan simulacrum (Tomb:3)
  29 black mambas
  2 catoblepas zombies
  28 orange demons
  A torpor snail (Lair:2)
  Maggie (Lair:1)
  12 cane toads
  4 dire elephant skeletons
  A storm dragon simulacrum (Coc:4)
  54 yaktaurs
  30 hellions
  8 rime drakes
  A minotaur zombie (Dis:7)
  2 emperor scorpion zombies
  11 efreet
  12 ancient zymes
  A ghost moth simulacrum (Coc:4)
  12 demonic crawlers
  30 tormentors
  36 freezing wraiths
  3 anaconda simulacra
  43 guardian mummies
  14 hellwings
  59 ice devils
  4 tengu conjurers
  2 catoblepas skeletons
  4 komodo dragons
  38 merfolk
  A golden dragon simulacrum (Depths:3)
  A meliai (shapeshifter) (Abyss:3)
  A silent spectre (Abyss:3)
  33 red devils
  20 hornets
  17 wind drakes
  10 trolls
  A tengu simulacrum (Depths:3)
  A queen bee (shapeshifter) (Depths:4)
  19 polar bears
  A polar bear (shapeshifter) (Depths:5)
  A blink frog (shapeshifter) (Vaults:5)
  A hornet (shapeshifter) (Vaults:2)
  A merfolk (shapeshifter) (Depths:5)
  17 hydra zombies
  A wind drake (shapeshifter) (Depths:1)
  A dream sheep (shapeshifter) (Depths:5)
  3 harpy skeletons
  4 shadow dragon simulacra
  2 raiju (shapeshifter)
  2 snapping turtles (Shoals:4)
  31 raiju
  6 ettin zombies
  6 fire dragon zombies
  An iron dragon simulacrum (Coc:7)
  2 fire giant simulacra
  An ice dragon zombie (Tar:1)
  70 large abominations
  3 spriggan zombies
  6 blink frogs (Lair:6)
  15 dream sheep
  A sphinx simulacrum (Depths:4)
  A meliai zombie (D:14)
  4 alligator zombies
  200 flying skulls
  2 frost giant simulacra (Coc:4)
  7 hydra skeletons
  A stone giant simulacrum (Coc:1)
  A black mamba zombie (Geh:7)
  2 spriggan skeletons
  6 air elementals
  A tarantella (shapeshifter) (Vaults:5)
  A tarantella (Vaults:2)
  27 water elementals
  5 ice dragon skeletons
  3 spriggan simulacra
  4 wyverns
  9 ettin skeletons
  49 yaks
  Sigmund (D:5)
  25 ynoxinuls
  9 redbacks
  A deep troll skeleton (Depths:1)
  24 ushabtiu
  45 shadows
  12 spriggans
  3 black mamba skeletons
  36 wraiths
  40 fire elementals
  6 fire bats
  A fire bat (shapeshifter) (Depths:4)
  3 fire dragon skeletons
  A vampire (Abyss:4)
  4 basilisks
  27 chaos spawn
  Grum (D:8)
  2 golden eyes (shapeshifter)
  18 golden eyes
  A catoblepas simulacrum (Coc:4)
  7 vampire mosquitoes
  29 neqoxecs
  19 spatial vortices
  73 nagas
  An acid dragon (Vaults:1)
  4 tengu zombies
  9 wargs
  A soldier ant (D:12)
  2 human zombies
  2 hydra simulacra (Coc:4)
  A swamp worm (shapeshifter) (Vaults:3)
  A harpy simulacrum (Crypt:3)
  4 floating eyes
  78 hell hounds
  14 water moccasins
  12 cane toad zombies
  2 merfolk skeletons
  A gelid demonspawn skeleton (Tar:7)
  A meliai simulacrum (D:15)
  4 sky beasts
  3 swamp dragon zombies
  2 cane toad skeletons
  52 orc warriors
  3 black bears
  30 necrophages
  An ice beast (shapeshifter) (Vaults:5)
  5 snapping turtle zombies
  9 eyes of draining
  2 ice dragon simulacra
  6 phantoms
  36 ice beasts
  33 ogres
  A boulder beetle simulacrum (Vaults:2)
  50 wolves
  21 boggarts
  A black mamba simulacrum (Coc:7)
  13 centaurs
  6 manticore skeletons
  7 snapping turtle skeletons
  2 swamp dragon skeletons
  2 dream sheep skeletons
  2 elf simulacra
  4 lemures (D:6)
  3 big kobolds
  19 bullfrogs
  2 earth elementals
  An elf zombie (Crypt:3)
  5 gnoll sergeants
  A wyvern zombie (D:10)
  A glowing shapeshifter simulacrum (Vaults:3)
  A water moccasin zombie (D:9)
  4 cane toad simulacra
  5 scorpions
  A wyvern skeleton (D:14)
  4 killer bees (D:7)
  96 wights
  8 electric eels
  3 howler monkeys
  A lava snake (D:13)
  16 crimson imps
  A human simulacrum (Vaults:3)
  4 quasits
  8 hounds
  2 jellies
  2 bullfrog zombies
  5 gnoll shamans
  32 orc priests
  3 bullfrog skeletons
  7 centaur skeletons
  26 iron imps
  13 hell rats
  3 iguanas
  22 orc wizards
  11 worker ants
  A naga zombie (Coc:3)
  An ogre zombie (Dis:1)
  A big kobold skeleton (Crypt:1)
  A hound zombie (D:6)
  A felid skeleton (Crypt:2)
  A naga skeleton (Coc:3)
  An ogre skeleton (Coc:4)
  A hound skeleton (D:5)
  71 mummies
  44 gnolls
  A worker ant zombie (D:7)
  12 adders
  9 shadow imps
  35 white imps
  11 ufetubi
  An ooze (D:3)
  2 adder zombies
  2 adder skeletons
  6 worms
  2 dart slugs (D:1)
  9 leopard geckos
  89 orcs
  10 bats
  3 giant cockroaches
  16 goblins
  14 hobgoblins
  9 jackals
  7 quokkas
  2 ball pythons
  2 frilled lizards
  A jackal skeleton (D:4)
  45 kobolds
  A leopard gecko skeleton (D:5)
  A leopard gecko zombie (Crypt:1)
  An orc skeleton (Tar:4)
  A quokka skeleton (D:4)
  6 rats
  3 ball lightnings (Pan)
  2 crawling corpses (Elf:3)
  3 lurking horrors
  10 starspawn tentacles
  4 tentacles (Abyss:3)
5568 creatures vanquished.

Vanquished Creatures (collateral kills)
  An azure jelly (Slime:5)
  A balrug (Pan)
  2 sun demons (Pan)
  An efreet (Pan)
  2 red devils (Pan)
7 creatures vanquished.

Vanquished Creatures (others)
  A lich (Pan)
  A tentacled monstrosity (Abyss:3)
  A titan (Pan)
  An eldritch tentacle (Pan)
  A storm dragon (Pan)
  A fire giant (Depths:2)
  A draconian scorcher (Zot:4)
  A blood saint (Pan)
  A deep elf annihilator (Pan)
  A blizzard demon (Pan)
  2 green deaths (Pan)
  A spriggan air mage (Pan)
  A rakshasa (Pan)
  A hell hog (Geh:1)
  A fire crab (Abyss:3)
  A hell knight (Geh:3)
  2 skeletal warriors (Dis:7)
  A gelid demonspawn (Pan)
  A necromancer (Geh:3)
  A mana viper (Snake:4)
  A large abomination (Depths:3)
  A naga mage (Snake:4)
  A molten gargoyle (Geh:7)
  A red devil (Geh:3)
  2 wind drakes (Pan)
  2 flying skulls (Coc:1)
  A shadow (Geh:3)
  A water elemental (Elf:3)
  A fire bat (Pan)
  A neqoxec (Pan)
  A chaos spawn (Pan)
  2 nagas
  2 hell hounds
  4 crimson imps
  An orc wizard (Orc:2)
  3 white imps
  An ufetubus (D:10)
  An orc (Vaults:1)
  12 ball lightnings (Pan)
  A block of ice (Pan)
  101 fungi
  2 lurking horrors
  105 plants
  38 starspawn tentacles
  11 tentacles
319 creatures vanquished.

Grand Total: 5894 creatures vanquished

Notes
Turn   | Place    | Note
-------+----------+-------------------------------------------
     0 | D:1      | Froggeryz the Gargoyle Fighter began the quest for the Orb.
     0 | D:1      | Reached XP level 1. HP: 14/14 MP: 1/1
   271 | D:1      | Reached XP level 2. HP: 15/19 MP: 2/2
   874 | D:1      | Reached XP level 3. HP: 23/23 MP: 3/3
  1332 | D:2      | Reached XP level 4. HP: 21/28 MP: 4/4
  2201 | D:3      | Reached skill level 5 in Maces & Flails
  2324 | D:3      | Reached XP level 5. HP: 32/32 MP: 5/5
  2612 | D:4      | Found a blossoming altar of Fedhas.
  2720 | D:4      | Noticed an ogre
  2727 | D:4      | Killed an ogre
  2728 | D:4      | Reached XP level 6. HP: 35/37 MP: 6/6
  2995 | D:5      | Entered Level 5 of the Dungeon
  3014 | D:5      | Reached XP level 7. HP: 39/41 MP: 7/7
  3188 | D:5      | Found a radiant altar of Vehumet.
  3249 | D:5      | Noticed Sigmund
  3265 | D:5      | Killed Sigmund
  3388 | D:5      | Found a sparkling altar of Nemelex Xobeh.
  3469 | D:6      | Reached XP level 8. HP: 37/46 MP: 8/8
  3625 | D:6      | Noticed Pikel
  3628 | D:6      | Noticed a purple ugly thing
  3700 | D:4      | Killed a purple ugly thing
  3701 | D:4      | Reached skill level 10 in Maces & Flails
  4197 | D:6      | Reached XP level 9. HP: 51/51 MP: 9/9
  4364 | D:6      | Found Emisuv's Assorted Antiques.
  4373 | D:6      | Bought a coiled amber ring for 85 gold pieces
  4373 | D:6      | Bought a glowing morningstar for 119 gold pieces
  4373 | D:6      | Bought a murky pink potion for 15 gold pieces
  4373 | D:6      | Bought a scroll labelled PUCOP FAIN for 17 gold pieces
  4373 | D:6      | Bought a cyan potion for 15 gold pieces
  4373 | D:6      | Bought a scroll labelled CIAZARCHEUR for 17 gold pieces
  4373 | D:6      | Bought a lead wand for 68 gold pieces
  4373 | D:6      | Identified the ring of Imieskul {*Tele *Drain Will++ Str-4
                  | SInv Stlth+} (You bought it in a shop on level 6 of the
                  | Dungeon)
  4440 | D:6      | Found an iron altar of Okawaru.
  4448 | D:6      | Became a worshipper of Warmaster Okawaru
  4523 | D:6      | Killed Pikel
  4523 | D:6      | Reached * piety under Okawaru
  4870 | D:7      | Found Uher Veeles's Magic Scroll Emporium.
  5053 | D:7      | Found an ornate altar of the Wu Jian Council.
  5053 | D:7      | Found an ancient bone altar of Kikubaaqudgha.
  5133 | D:7      | Reached ** piety under Okawaru
  5352 | D:7      | Found a staircase to the Ecumenical Temple.
  5390 | Temple   | Entered the Ecumenical Temple
  5480 | D:7      | Reached skill level 5 in Shields
  5511 | D:8      | Found a staircase to the Lair.
  5512 | D:8      | Noticed an elephant
  5528 | D:8      | Reached XP level 10. HP: 52/58 MP: 10/10
  5804 | D:8      | Identified the +6 trident of Lufykhlo {chaos, rF+ MP+9}
  5831 | D:8      | Reached skill level 5 in Fighting
  5842 | D:8      | Killed an elephant
  5842 | D:8      | Reached *** piety under Okawaru
  6148 | D:8      | Identified the ring of Gettocsahe {rF- MP+9 Slay+6}
  6197 | D:8      | Found a transporter.
  6197 | D:8      | Found a transporter.
  6206 | D:8      | Noticed lasso's ghost (novice MiFi)
  6226 | D:8      | Paralysed by a gnoll for 2 turns
  6435 | D:8      | Killed lasso's ghost
  6435 | D:8      | Reached **** piety under Okawaru
  6639 | D:8      | Noticed Grum
  6659 | D:8      | Killed Grum
  6924 | Lair:1   | Entered Level 1 of the Lair of Beasts
  6991 | Lair:1   | Noticed a cane toad
  7006 | Lair:1   | Killed a cane toad
  7006 | Lair:1   | Received a gift from Okawaru
  7102 | Lair:1   | Noticed a six-headed hydra
  7112 | Lair:1   | Killed a six-headed hydra
  7112 | Lair:1   | Reached ***** piety under Okawaru
  7112 | Lair:1   | Received a gift from Okawaru
  7113 | Lair:1   | Reached skill level 10 in Shields
  7113 | Lair:1   | Reached XP level 11. HP: 46/69 MP: 8/11
  7129 | Lair:1   | Found a dark tunnel.
  7138 | Volcano  | Entered a volcano
  7322 | Volcano  | Noticed a fire dragon
  7342 | Volcano  | Killed a fire dragon
  7399 | Volcano  | Noticed a hell hog
  7413 | Volcano  | Killed a hell hog
  7800 | Lair:1   | Got a crude pewter ring
  7801 | Lair:1   | Noticed Maggie
  7822 | Lair:1   | Killed Maggie
  8076 | Lair:1   | Reached skill level 10 in Fighting
  8627 | Lair:2   | Noticed a death yak
  8627 | Lair:2   | Noticed a death yak
  8675 | Lair:1   | Killed a death yak
  8688 | Lair:1   | Killed a death yak
  8975 | Lair:2   | Reached ****** piety under Okawaru
  8995 | Lair:2   | Received a gift from Okawaru
  9622 | Lair:2   | Reached XP level 12. HP: 73/80 MP: 12/12
  9765 | Lair:3   | Noticed a six-headed hydra
 10073 | Lair:3   | Received a gift from Okawaru
 10420 | Lair:3   | Found a staircase to the Snake Pit.
 10511 | Lair:3   | Received a gift from Okawaru
 10530 | Lair:3   | Identified the ring "Baddutz" {*Tele *Drain rElec rPois
                  | Str+9} (You found it on level 1 of the Lair of Beasts)
 10599 | Lair:3   | Noticed a dire elephant
 10614 | Lair:3   | Killed a dire elephant
 10693 | Lair:3   | Received a gift from Okawaru
 10748 | Lair:3   | Killed a six-headed hydra
 10749 | Lair:3   | Reached XP level 13. HP: 54/84 MP: 13/13
 11064 | Lair:3   | Reached skill level 15 in Shields
 11411 | Lair:4   | Found a staircase to the Shoals.
 11434 | Lair:4   | Received a gift from Okawaru
 11528 | Lair:4   | Identified a scroll of acquirement
 11528 | Lair:4   | Acquired 861 gold pieces
 11554 | Lair:4   | Acquired 753 gold pieces
 11683 | D:7      | Bought a scroll of acquirement for 572 gold pieces
 11683 | D:7      | Bought a scroll of teleportation for 33 gold pieces
 11683 | D:7      | Bought a scroll of blinking for 82 gold pieces
 11683 | D:7      | Bought a scroll of blinking for 82 gold pieces
 11683 | D:7      | Bought a scroll of fear for 38 gold pieces
 11683 | D:7      | Bought a scroll of identify for 22 gold pieces
 11683 | D:7      | Bought a scroll of identify for 22 gold pieces
 11683 | D:7      | Bought a scroll of amnesia for 38 gold pieces
 11684 | D:7      | Acquired 1238 gold pieces
 12198 | Lair:4   | Got a clouded brass amulet
 12437 | Lair:5   | Identified the amulet of Ephemeral Luck {Faith rC+} (You
                  | found it on level 4 of the Lair of Beasts)
 13240 | Lair:5   | Reached skill level 15 in Maces & Flails
 14020 | Lair:6   | Entered Level 6 of the Lair of Beasts
 14165 | Lair:6   | Received a gift from Okawaru
 14593 | Lair:6   | Received a gift from Okawaru
 14594 | Lair:6   | Gained mutation: Your large and strong wings let you fly
                  | indefinitely. [Gargoyle growth]
 14594 | Lair:6   | Reached XP level 14. HP: 85/90 MP: 14/14
 15006 | Lair:6   | Found a burning altar of Makhleb.
 15313 | Lair:6   | Found a staircase to the Slime Pits.
 15313 | Lair:6   | Found a viscous altar of Jiyva.
 15622 | Lair:6   | Found a gateway to Hell.
 16109 | D:9      | Noticed Joseph
 16124 | D:9      | Killed Joseph
 16222 | D:9      | Identified the Disquisition on Bewitchment and the Voyage
 16254 | D:10     | Entered Level 10 of the Dungeon
 16254 | D:10     | Noticed Snorg
 16268 | D:10     | Killed Snorg
 16271 | D:10     | Received a gift from Okawaru
 16345 | D:10     | Noticed Fannar
 16369 | D:10     | Killed Fannar
 16500 | D:10     | Noticed Maurice
 16514 | D:10     | Killed Maurice
 17147 | D:11     | Found a staircase to the Orcish Mines.
 17484 | D:11     | Noticed a frost giant
 17507 | D:11     | Killed a frost giant
 17998 | D:11     | Received a gift from Okawaru
 18006 | D:11     | Got a dazzling helmet {god gift}
 18017 | D:11     | Identified the +2 helmet of Laciemet {Str+5} (Okawaru
                  | gifted it to you on level 11 of the Dungeon)
 18120 | Orc:1    | Entered Level 1 of the Orcish Mines
 18125 | Orc:1    | Reached skill level 5 in Armour
 18166 | Orc:1    | Found Ujal's Antique Armour Emporium.
 18225 | Orc:1    | Bought a pair of ichor-stained boots for 218 gold pieces
 18235 | Orc:1    | Identified the cursed +0 pair of boots "Hamaga" {rN++ SInv}
                  | (You bought it in a shop on level 1 of the Orcish Mines)
 18369 | Orc:1    | Found a flagged portal.
 18378 | Bailey   | Entered a bailey
 18902 | Orc:2    | Entered Level 2 of the Orcish Mines
 18910 | Orc:2    | Noticed an orc warlord
 19074 | Orc:2    | Killed an orc warlord
 19082 | Orc:2    | Reached XP level 15. HP: 39/96 MP: 15/15
 19511 | Orc:2    | Found Cace's Magic Scroll Emporium.
 19520 | Orc:2    | Bought a scroll of teleportation for 39 gold pieces
 19520 | Orc:2    | Bought a scroll of identify for 26 gold pieces
 19520 | Orc:2    | Bought a scroll of identify for 26 gold pieces
 19520 | Orc:2    | Bought a scroll of identify for 26 gold pieces
 19520 | Orc:2    | Bought 2 scrolls of identify for 52 gold pieces
 19520 | Orc:2    | Bought a scroll of identify for 26 gold pieces
 19589 | Orc:2    | Found a roughly hewn altar of Beogh.
 19594 | Orc:2    | Found a staircase to the Elven Halls.
 19611 | Orc:2    | Acquired 1123 gold pieces
 20247 | Orc:2    | Gained mutation: Your spells are a little easier to cast,
                  | but a little less powerful. [a neqoxec]
 20441 | Orc:2    | Found Qoox's Distillery.
 20441 | Orc:2    | Found Gugomiac's Book Shoppe.
 20443 | Orc:2    | Found Hazxech's Gadget Boutique.
 20443 | Orc:2    | Found Ciafeiva's Armour Shoppe.
 20449 | Orc:2    | Bought a potion of heal wounds for 60 gold pieces
 20449 | Orc:2    | Bought 2 potions of heal wounds for 120 gold pieces
 20449 | Orc:2    | Bought a potion of heal wounds for 60 gold pieces
 20449 | Orc:2    | Bought a potion of haste for 120 gold pieces
 20449 | Orc:2    | Bought a potion of mutation for 96 gold pieces
 20449 | Orc:2    | Bought a potion of might for 48 gold pieces
 20628 | D:12     | Noticed Azrael
 20654 | D:12     | Received a gift from Okawaru
 20663 | D:12     | Killed Azrael
 21141 | D:12     | Noticed Nergalle
 21150 | D:12     | Killed Nergalle
 21397 | D:13     | Reached skill level 10 in Armour
 21472 | D:13     | Identified the Catalogue of Confrontation
 21834 | D:13     | Found a frozen archway.
 21859 | IceCv    | Entered an ice cave
 22306 | IceCv    | Noticed a frost giant
 22323 | IceCv    | Killed a frost giant
 22831 | D:13     | Got a scorched cloak
 22842 | D:13     | Identified the +1 cloak of Gallantry {rCorr} (You found it
                  | on level 13 of the Dungeon)
 22984 | D:14     | Received a gift from Okawaru
 23028 | D:14     | Found a gate to the Vaults.
 23070 | D:14     | Reached XP level 16. HP: 61/107 MP: 16/16
 23339 | D:14     | Reached skill level 15 in Fighting
 23775 | D:14     | Noticed Louise
 23793 | D:14     | Killed Louise
 23984 | D:15     | Entered Level 15 of the Dungeon
 24167 | D:15     | Received a gift from Okawaru
 24763 | D:15     | Found a staircase to the Depths.
 25178 | Snake:1  | Entered Level 1 of the Snake Pit
 25276 | Snake:1  | Received a gift from Okawaru
 25357 | Snake:1  | Found a corrupted altar of Lugonu.
 25362 | Snake:1  | Found a one-way gate to the infinite horrors of the Abyss.
 26358 | Snake:2  | Noticed a nagaraja
 26495 | Snake:1  | Received a gift from Okawaru
 27340 | Snake:2  | Received a gift from Okawaru
 27391 | Snake:2  | Killed a nagaraja
 27392 | Snake:2  | Reached skill level 15 in Armour
 27392 | Snake:2  | Reached XP level 17. HP: 91/115 MP: 17/17
 27821 | Snake:2  | Reached skill level 1 in Invocations
 27856 | Snake:2  | Received a gift from Okawaru
 29419 | Snake:3  | Reached skill level 5 in Invocations
 29902 | Snake:3  | Noticed Asterion
 29938 | Snake:3  | Killed Asterion
 29938 | Snake:3  | Received a gift from Okawaru
 30239 | Snake:4  | Entered Level 4 of the Snake Pit
 30239 | Snake:4  | Noticed Bai Suzhen
 30251 | Snake:4  | Noticed Aizul
 30275 | Snake:4  | Killed Bai Suzhen
 30286 | Snake:4  | Killed Aizul
 30797 | Snake:4  | Reached XP level 18. HP: 101/124 MP: 24/24
 30800 | Snake:4  | Received a gift from Okawaru
 31114 | Snake:4  | Reached skill level 10 in Invocations
 31594 | Snake:4  | Noticed Vashnia
 31641 | Snake:4  | Killed Vashnia
 32040 | Snake:4  | Reached skill level 1 in Spellcasting
 32044 | Snake:4  | Received a gift from Okawaru
 32127 | Snake:4  | Got a serpentine rune of Zot
 32379 | Shoals:1 | Entered Level 1 of the Shoals
 33009 | Shoals:1 | Received a gift from Okawaru
 33049 | Shoals:1 | Noticed a titan
 33261 | Shoals:1 | Killed a titan
 33710 | Shoals:2 | Learned a level 2 spell: Blink
 33929 | Shoals:2 | Reached skill level 1 in Throwing
 34268 | Shoals:2 | Reached XP level 19. HP: 132/133 MP: 27/27
 34431 | Shoals:2 | Reached skill level 5 in Spellcasting
 34695 | Shoals:2 | Noticed Ilsuiw
 34762 | Shoals:2 | Killed Ilsuiw
 34912 | Shoals:2 | Found a runed translucent door.
 34912 | Shoals:2 | Noticed Wecaes's ghost (journeyman HOFE)
 35096 | Shoals:2 | Killed Wecaes's ghost
 35144 | Shoals:3 | Noticed Mara
 35147 | Shoals:3 | Noticed Froggeryz's illusion
 35155 | Shoals:3 | Killed Mara
 35155 | Shoals:3 | Received a gift from Okawaru
 36381 | Shoals:3 | Found Obani's Jewellery Emporium.
 36393 | Shoals:3 | Bought a +4 ring of slaying for 1170 gold pieces
 36551 | Shoals:3 | Noticed Polyphemus
 36565 | Shoals:3 | Killed Polyphemus
 36744 | Shoals:4 | Entered Level 4 of the Shoals
 36761 | Shoals:4 | Found Ferusk's Antique Armour Boutique.
 36783 | Shoals:4 | Bought an encrusted plate armour for 756 gold pieces
 36787 | Shoals:4 | Identified the cursed +0 plate armour "Idghocunu" {*Corrode
                  | +Fly rElec} (You bought it in a shop on level 4 of the
                  | Shoals)
 36855 | Shoals:4 | Reached skill level 5 in Throwing
 36916 | Shoals:4 | Received a gift from Okawaru
 36919 | Shoals:4 | Got a pair of fading gloves {god gift}
 36920 | Shoals:4 | Identified the +0 pair of gloves of Insatiable Hunger
                  | {Will+} (Okawaru gifted it to you on level 4 of the Shoals)
 38342 | Shoals:4 | Identified the Catalogue of Contamination
 38491 | Shoals:4 | Got a barnacled rune of Zot
 38839 | Elf:1    | Entered Level 1 of the Elven Halls
 39090 | Elf:1    | Reached skill level 1 in Translocations
 39098 | Elf:1    | Found the +2 cloak of the Thief {*Fog Slay-2 SInv Stlth+}
 39101 | Elf:1    | Reached XP level 20. HP: 64/140 MP: 32/32
 39151 | Elf:1    | Identified the +4 morningstar "Ydayleed" {antimagic, rF+}
 39520 | Elf:1    | Received a gift from Okawaru
 39830 | Elf:1    | Found Ditoj's Distillery.
 39846 | Elf:1    | Bought a potion of curing for 39 gold pieces
 39846 | Elf:1    | Bought a potion of heal wounds for 65 gold pieces
 39846 | Elf:1    | Bought a potion of curing for 39 gold pieces
 39846 | Elf:1    | Bought a potion of haste for 130 gold pieces
 39846 | Elf:1    | Bought a potion of heal wounds for 65 gold pieces
 40222 | Elf:1    | Found Folureka's Gadget Boutique.
 40240 | Elf:1    | Found a roughly hewn altar of Beogh.
 40705 | Elf:2    | Found Ipalan's Book Shop.
 40743 | Elf:2    | Received a gift from Okawaru
 40798 | Elf:2    | Found a runed translucent gate.
 40798 | Elf:2    | Found a runed translucent gate.
 40806 | Elf:2    | Found a runed translucent gate.
 41204 | Elf:2    | Reached skill level 5 in Translocations
 41354 | Elf:2    | Received a gift from Okawaru
 41784 | Elf:3    | Entered Level 3 of the Elven Halls
 42689 | Elf:3    | Reached XP level 21. HP: 109/147 MP: 33/33
 42804 | Elf:3    | Received a gift from Okawaru
 43380 | Elf:3    | Identified the +4 troll leather armour of Starshine {rC+
                  | Regen+ Slay+3}
 43380 | Elf:3    | Identified the ring "Xypset" {Will+ AC+4 Int+4 Dex+3}
 43877 | Elf:3    | Identified the +1 great sword of the Smoking Boar {vorpal,
                  | rC+}
 44447 | Elf:3    | Received a gift from Okawaru
 44740 | Elf:3    | Identified the +10 glaive of the Bear {flame, rElec Will+
                  | Dex+3}
 44747 | Elf:3    | Found the +6 arbalest "Damnation" {damnation}
 44771 | Elf:3    | Identified the +2 pair of boots of Proximity {*Slow Int+3
                  | Slay+2} (You found it on level 3 of the Elven Halls)
 44779 | Elf:3    | Identified the Guide on the Fetching Birds
 44899 | Elf:1    | Identified the +5 mace "Kyavum" {pain, rPois Str+4 Int+4}
 45035 | Vaults:1 | Entered Level 1 of the Vaults
 45615 | Vaults:1 | Found Cian's Armour Boutique.
 45635 | Vaults:1 | Bought the +8 orange crystal plate armour {Archmagi, Int+3
                  | Clar} for 3034 gold pieces
 45635 | Vaults:1 | Found the +8 orange crystal plate armour {Archmagi, Int+3
                  | Clar}
 46095 | Vaults:1 | Reached skill level 10 in Throwing
 46403 | Vaults:1 | Identified the cursed -1 pair of gloves of the Yeti {rC+
                  | rN+ Int+2 Dex-2} (You found it on level 1 of the Vaults)
 46898 | Vaults:1 | Received a gift from Okawaru
 47290 | Vaults:2 | Received a gift from Okawaru
 47537 | Vaults:2 | Found a staircase to the Crypt.
 47663 | Vaults:2 | Reached XP level 22. HP: 106/155 MP: 34/34
 48532 | Vaults:2 | Identified the +1 cloak "Deige" {rElec} (You found it on
                  | level 2 of the Vaults)
 48677 | Vaults:2 | Found a portal to a secret trove of treasure.
 49160 | Vaults:3 | Received a gift from Okawaru
 49457 | Vaults:3 | Found Viasuyruo's Book Shoppe.
 49859 | Vaults:3 | Received a gift from Okawaru
 50403 | Vaults:3 | Acquired 1150 gold pieces
 50752 | Vaults:4 | Noticed Jory
 50801 | Vaults:4 | Killed Jory
 51319 | Vaults:4 | Noticed Donald
 51330 | Vaults:4 | Killed Donald
 51472 | Vaults:4 | Noticed Saint Roka
 51512 | Vaults:4 | Killed Saint Roka
 51512 | Vaults:4 | Received a gift from Okawaru
 51888 | Vaults:4 | Reached XP level 23. HP: 136/160 MP: 35/35
 52736 | Slime:1  | Entered Level 1 of the Pits of Slime
 52984 | Slime:2  | Gained mutation: You tend to lose your temper in combat. [a
                  | shining eye]
 52994 | Slime:2  | Gained mutation: Your body sometimes deteriorates upon
                  | taking damage. [a shining eye]
 53712 | Slime:1  | Gained mutation: Your spells are easier to cast, but less
                  | powerful. [a shining eye]
 53837 | Slime:1  | Gained mutation: You are dopey. (Int -2) [a shining eye]
 53841 | Slime:1  | Gained mutation: Armour fits poorly on your strangely
                  | shaped body. [a shining eye]
 53894 | Slime:1  | Lost mutation: Your body sometimes deteriorates upon taking
                  | damage. [potion of mutation]
 53894 | Slime:1  | Lost mutation: You tend to lose your temper in combat.
                  | [potion of mutation]
 53894 | Slime:1  | Lost mutation: Armour fits poorly on your strangely shaped
                  | body. [potion of mutation]
 53894 | Slime:1  | Gained mutation: Scrolls take you a little longer to read.
                  | [potion of mutation]
 53894 | Slime:1  | Gained mutation: You have large cloven feet. [potion of
                  | mutation]
 53895 | Slime:1  | Lost mutation: You are dopey. (Int -2) [potion of mutation]
 53895 | Slime:1  | Lost mutation: You have large cloven feet. [potion of
                  | mutation]
 53895 | Slime:1  | Lost mutation: Scrolls take you a little longer to read.
                  | [potion of mutation]
 53895 | Slime:1  | Gained mutation: You are weak. (Str -2) [potion of
                  | mutation]
 53895 | Slime:1  | Gained mutation: You are partially covered in iridescent
                  | scales. (AC +2) [potion of mutation]
 53895 | Slime:1  | Gained mutation: You have a somewhat thin skeletal
                  | structure. (Dex +2, Stealth) [potion of mutation]
 53895 | Slime:1  | Gained mutation: You are agile. (Dex +2) [potion of
                  | mutation]
 54580 | Slime:3  | Gained mutation: You are dopey. (Int -2) [a shining eye]
 54584 | Slime:3  | Gained mutation: You are mostly covered in iridescent
                  | scales. (AC +4) [a shining eye]
 54996 | Slime:4  | Received a gift from Okawaru
 55331 | Slime:3  | Received a gift from Okawaru
 55413 | Slime:5  | Entered Level 5 of the Pits of Slime
 56407 | Slime:5  | Paralysed by a floating eye for 4 turns
 56530 | Slime:5  | Noticed the Royal Jelly
 57143 | Slime:5  | Found a viscous altar of Jiyva.
 57148 | Slime:5  | Received a gift from Okawaru
 57159 | Slime:5  | Gained mutation: You are occasionally teleported next to
                  | monsters. [a shining eye]
 57164 | Slime:5  | Lost mutation: You have a somewhat thin skeletal structure.
                  | (Dex +2, Stealth) [potion of mutation]
 57164 | Slime:5  | Lost mutation: You are agile. (Dex +2) [potion of mutation]
 57164 | Slime:5  | Lost mutation: Your spells are easier to cast, but less
                  | powerful. [potion of mutation]
 57164 | Slime:5  | Gained mutation: You are robust. (+10% HP) [potion of
                  | mutation]
 57164 | Slime:5  | Gained mutation: Your movements are slightly less
                  | encumbered by armour. (ER -2) [potion of mutation]
 57165 | Slime:5  | Lost mutation: You are dopey. (Int -2) [potion of mutation]
 57165 | Slime:5  | Lost mutation: Your spells are a little easier to cast, but
                  | a little less powerful. [potion of mutation]
 57165 | Slime:5  | Gained mutation: You have a pair of small horns on your
                  | head. [potion of mutation]
 57165 | Slime:5  | Gained mutation: You expend magic power (3 MP) to
                  | strengthen your wands. [potion of mutation]
 57166 | Slime:5  | Lost mutation: You have a pair of small horns on your head.
                  | [potion of mutation]
 57166 | Slime:5  | Lost mutation: You are weak. (Str -2) [potion of mutation]
 57166 | Slime:5  | Lost mutation: Your movements are slightly less encumbered
                  | by armour. (ER -2) [potion of mutation]
 57166 | Slime:5  | Gained mutation: You are partially covered in rugged brown
                  | scales. (AC +1, +3% HP) [potion of mutation]
 57166 | Slime:5  | Gained mutation: Your spells are a little harder to cast,
                  | but a little more powerful. [potion of mutation]
 57166 | Slime:5  | Gained mutation: You are agile. (Dex +2) [potion of
                  | mutation]
 57167 | Slime:5  | Lost mutation: You expend magic power (3 MP) to strengthen
                  | your wands. [potion of mutation]
 57167 | Slime:5  | Lost mutation: Your spells are a little harder to cast, but
                  | a little more powerful. [potion of mutation]
 57167 | Slime:5  | Lost mutation: You are mostly covered in iridescent scales.
                  | (AC +4) [potion of mutation]
 57167 | Slime:5  | Lost mutation: You are occasionally teleported next to
                  | monsters. [potion of mutation]
 57167 | Slime:5  | Gained mutation: Scrolls take you a little longer to read.
                  | [potion of mutation]
 57167 | Slime:5  | Gained mutation: Your mind is acute. (Int +2) [potion of
                  | mutation]
 57167 | Slime:5  | Lost mutation: You are agile. (Dex +2) [potion of mutation]
 57167 | Slime:5  | Gained mutation: You have a pair of small antennae on your
                  | head. [potion of mutation]
 57168 | Slime:5  | Lost mutation: Your mind is acute. (Int +2) [potion of
                  | mutation]
 57168 | Slime:5  | Gained mutation: You tend to lose your temper in combat.
                  | [potion of mutation]
 57168 | Slime:5  | Gained mutation: You are agile. (Dex +2) [potion of
                  | mutation]
 57168 | Slime:5  | Gained mutation: You are surrounded by a mild repulsion
                  | field. (EV +2) [potion of mutation]
 57169 | Slime:5  | Lost mutation: Scrolls take you a little longer to read.
                  | [potion of mutation]
 57169 | Slime:5  | Lost mutation: You are agile. (Dex +2) [potion of mutation]
 57169 | Slime:5  | Lost mutation: You tend to lose your temper in combat.
                  | [potion of mutation]
 57169 | Slime:5  | Lost mutation: You are robust. (+10% HP) [potion of
                  | mutation]
 57169 | Slime:5  | Gained mutation: Your spells are a little easier to cast,
                  | but a little less powerful. [potion of mutation]
 57169 | Slime:5  | Gained mutation: Your skin changes colour to match your
                  | surroundings (Stealth+). [potion of mutation]
 57489 | Slime:5  | Killed the Royal Jelly
 58750 | Slime:5  | Identified the Almanac of Icy Stones
 58757 | Slime:5  | Got a crude glass ring
 58783 | Slime:5  | Acquired 961 gold pieces
 58794 | Slime:5  | Identified the Volume of Companions
 58813 | Slime:5  | Identified the ring "Apli" {rElec Dex+6 SInv} (You found it
                  | on level 5 of the Pits of Slime)
 58815 | Slime:5  | Identified the +0 kite shield "Tiusoacoxt" {Rampage rF+
                  | Int+2 SInv} (You found it on level 5 of the Pits of Slime)
 58837 | Slime:5  | Got a brightly glowing bronze ring
 58839 | Slime:5  | Got a slimy rune of Zot
 58855 | Slime:5  | Identified the ring "Salocvi" {rF- rN++ Int+6 Dex+3} (You
                  | found it on level 5 of the Pits of Slime)
 58857 | Slime:5  | Identified the ring "Kidemif" {rC++ Str-5 Dex+4 Stlth+}
                  | (You found it on level 5 of the Pits of Slime)
 58874 | Slime:5  | Identified the Papyrus of Moulding
 59056 | Hell     | Entered the Vestibule of Hell
 59056 | Hell     | Noticed Geryon
 59104 | Hell     | Received a gift from Okawaru
 59124 | Hell     | Found a gateway to the freezing wastes of Cocytus.
 59224 | Hell     | Reached skill level 10 in Translocations
 59224 | Hell     | Reached XP level 24. HP: 170/170 MP: 35/35
 59281 | Hell     | Killed Geryon
 59819 | Hell     | Received a gift from Okawaru
 60285 | Hell     | Received a gift from Okawaru
 60484 | Hell     | Found a gateway to the decaying netherworld of Tartarus.
 60496 | Hell     | Received a gift from Okawaru
 60594 | Hell     | Identified the +11 demon whip "Feiqum" {freeze, *Noise
                  | rPois MP+9 Dex+4} (Okawaru gifted it to you in the
                  | Vestibule of Hell)
 60695 | Hell     | Found a gateway to the Iron City of Dis.
 60845 | Hell     | Found a gateway to the ashen valley of Gehenna.
 61230 | Depths:1 | Entered Level 1 of the Depths
 62138 | Depths:1 | Found Romuog's Distillery.
 62144 | Depths:1 | Bought a potion of heal wounds for 95 gold pieces
 62144 | Depths:1 | Bought a potion of might for 76 gold pieces
 62144 | Depths:1 | Bought a potion of curing for 57 gold pieces
 62144 | Depths:1 | Bought a potion of haste for 190 gold pieces
 62144 | Depths:1 | Bought a potion of haste for 190 gold pieces
 62344 | Depths:1 | Received a gift from Okawaru
 62467 | Depths:1 | Identified the +0 hat of Sandy Tender Moments {rElec}
                  | (Okawaru gifted it to you on level 1 of the Depths)
 62616 | Depths:1 | Found the amulet of the Air {Inacc +Fly rElec EV+5 RMsl}
 62625 | Depths:1 | Identified the amulet "Tats" {Faith rC+} (You found it on
                  | level 1 of the Depths)
 63109 | Depths:2 | Found Ula Mot's Gadget Emporium.
 63639 | Depths:2 | Found Hiagh's Armour Emporium.
 64190 | Depths:2 | Found Amevumm's Book Shop.
 64507 | Depths:2 | Found Vim Puon's Book Shoppe.
 64531 | Depths:2 | Found Zebbil's Assorted Antiques.
 64542 | Depths:2 | Bought a potion of heal wounds for 180 gold pieces
 64542 | Depths:2 | Bought a scroll of fog for 72 gold pieces
 64542 | Depths:2 | Bought a scroll of teleportation for 108 gold pieces
 64645 | Depths:2 | Reached XP level 25. HP: 145/176 MP: 35/35
 64855 | Depths:3 | Found a runed translucent gate.
 64855 | Depths:3 | Found a runed translucent gate.
 64855 | Depths:3 | Found a runed translucent gate.
 65000 | Depths:3 | Found a one-way gate leading to the halls of Pandemonium.
 65197 | Depths:3 | Received a gift from Okawaru
 66018 | Depths:3 | Received a gift from Okawaru
 66332 | Depths:3 | Noticed wheals's ghost (veteran GnDe)
 66436 | Depths:3 | Killed wheals's ghost
 66436 | Depths:3 | Received a gift from Okawaru
 67176 | Vaults:3 | Bought a book of Spatial Translocations for 1300 gold
                  | pieces
 67180 | Vaults:3 | Learned a level 3 spell: Lesser Beckoning
 68658 | Depths:3 | Received a gift from Okawaru
 69038 | Depths:3 | Received a gift from Okawaru
 69123 | Depths:3 | Received a gift from Okawaru
 69382 | Depths:4 | Received a gift from Okawaru
 70001 | Depths:4 | Reached XP level 26. HP: 182/182 MP: 35/35
 70383 | Depths:5 | Entered Level 5 of the Depths
 70387 | Depths:5 | Gained mutation: You tend to lose your temper in combat. [a
                  | shining eye]
 70392 | Depths:4 | Lost mutation: You are partially covered in iridescent
                  | scales. (AC +2) [potion of mutation]
 70392 | Depths:4 | Lost mutation: You tend to lose your temper in combat.
                  | [potion of mutation]
 70392 | Depths:4 | Lost mutation: You have a pair of small antennae on your
                  | head. [potion of mutation]
 70392 | Depths:4 | Lost mutation: Your spells are a little easier to cast, but
                  | a little less powerful. [potion of mutation]
 70392 | Depths:4 | Gained mutation: You are partially covered in large bone
                  | plates. (SH +4) [potion of mutation]
 70392 | Depths:4 | Gained mutation: You do not regenerate when monsters are
                  | visible. [potion of mutation]
 70392 | Depths:4 | Gained mutation: You have an increased reservoir of magic.
                  | (+10% MP) [potion of mutation]
 70392 | Depths:4 | Gained mutation: You have large cloven feet. [potion of
                  | mutation]
 70393 | Depths:4 | Lost mutation: You have large cloven feet. [potion of
                  | mutation]
 70393 | Depths:4 | Lost mutation: You do not regenerate when monsters are
                  | visible. [potion of mutation]
 70393 | Depths:4 | Lost mutation: You are surrounded by a mild repulsion
                  | field. (EV +2) [potion of mutation]
 70393 | Depths:4 | Lost mutation: You are partially covered in rugged brown
                  | scales. (AC +1, +3% HP) [potion of mutation]
 70393 | Depths:4 | Gained mutation: You possess an exceptional clarity of
                  | mind. [potion of mutation]
 70393 | Depths:4 | Gained mutation: You have sharp fingernails. [potion of
                  | mutation]
 70664 | Depths:4 | Acquired 849 gold pieces
 71068 | Depths:5 | Found a gateway to a ziggurat.
 71087 | Depths:5 | Received a gift from Okawaru
 71098 | Depths:5 | Found a shimmering blue altar of Sif Muna.
 72296 | Vaults:2 | You paid a toll of a +6 demon trident to enter a treasure
                  | trove
 72297 | Trove    | Entered a treasure trove
 72718 | Depths:5 | Identified the ring of Mishriett {+Blink Str+4 Int+4 Dex-3
                  | SInv Stlth+}
 72757 | Depths:5 | Paralysed by a floating eye for 2 turns
 72763 | Depths:5 | Paralysed by a floating eye for 4 turns
 72778 | Depths:5 | Received a gift from Okawaru
 72942 | Depths:5 | Received a gift from Okawaru
 72957 | Depths:5 | Identified a +0 pair of boots of running (Okawaru gifted it
                  | to you on level 5 of the Depths)
 72958 | Depths:5 | Found a gate to the Realm of Zot.
 73354 | Zot:1    | Entered Level 1 of the Realm of Zot
 73498 | Zot:1    | You are sucked into a shaft and drop 1 floor!
 75110 | Zot:2    | Noticed an orb of fire
 75121 | Zot:2    | Gained mutation: Scrolls take you a little longer to read.
                  | [an orb of fire]
 75122 | Zot:2    | Reached XP level 27. HP: 146/182 MP: 34/38
 75139 | Zot:2    | Killed an orb of fire
 75157 | Zot:2    | Lost mutation: Scrolls take you a little longer to read.
                  | [potion of mutation]
 75157 | Zot:2    | Lost mutation: You are partially covered in large bone
                  | plates. (SH +4) [potion of mutation]
 75157 | Zot:2    | Lost mutation: Your skin changes colour to match your
                  | surroundings (Stealth+). [potion of mutation]
 75157 | Zot:2    | Gained mutation: You are clumsy. (Dex -2) [potion of
                  | mutation]
 75157 | Zot:2    | Gained mutation: You have supernaturally acute eyesight.
                  | (SInv) [potion of mutation]
 75707 | Zot:3    | Received a gift from Okawaru
 76179 | Zot:3    | Received a gift from Okawaru
 76245 | Zot:3    | Identified the +2 pair of gloves "Caodiel" {Regen+}
                  | (Okawaru gifted it to you on level 3 of the Realm of Zot)
 76298 | Zot:3    | Reached skill level 27 in Shields
 77137 | Zot:4    | Received a gift from Okawaru
 77166 | Zot:4    | Identified the +9 scale mail of Loss {rCorr} (Okawaru
                  | gifted it to you on level 4 of the Realm of Zot)
 78798 | Zot:5    | Entered Level 5 of the Realm of Zot
 78804 | Zot:5    | Received a gift from Okawaru
 79252 | Zot:5    | Got a vibrating ivory ring
 79253 | Zot:5    | Identified the ring of Ogohitz {Ice rN+ Int+2} (You found
                  | it on level 5 of the Realm of Zot)
 79386 | Zot:5    | Received a gift from Okawaru
 79654 | Zot:5    | Received a gift from Okawaru
 79701 | Zot:5    | Noticed an orb of fire
 79848 | Zot:5    | Gained mutation: You are frail. (-10% HP) [an orb of fire]
 79864 | Zot:5    | Noticed an ancient lich
 79866 | Zot:5    | Gained mutation: You are weak. (Str -2) [an orb of fire]
 79868 | Zot:5    | Killed an orb of fire
 79873 | Zot:5    | Noticed an ancient lich
 79895 | Zot:4    | Killed an ancient lich
 79910 | Zot:4    | Killed an ancient lich
 80036 | Zot:5    | Noticed an orb of fire
 80036 | Zot:5    | Gained mutation: Your body sometimes deteriorates upon
                  | taking damage. [an orb of fire]
 80037 | Zot:5    | Noticed an orb of fire
 80058 | Zot:5    | Gained mutation: Armour fits poorly on your strangely
                  | shaped body. [an orb of fire]
 80063 | Zot:5    | Killed an orb of fire
 80065 | Zot:5    | Noticed an orb of fire
 80066 | Zot:5    | Gained mutation: You are occasionally teleported next to
                  | monsters. [an orb of fire]
 80070 | Zot:5    | Noticed an orb of fire
 80072 | Zot:5    | Noticed an ancient lich
 80077 | Zot:5    | Killed an orb of fire
 80077 | Zot:5    | Received a gift from Okawaru
 80079 | Zot:5    | Noticed an ancient lich
 80088 | Zot:4    | Killed an orb of fire
 80107 | Zot:4    | Lost mutation: You possess an exceptional clarity of mind.
                  | [potion of mutation]
 80107 | Zot:4    | Lost mutation: You are clumsy. (Dex -2) [potion of
                  | mutation]
 80107 | Zot:4    | Lost mutation: You have supernaturally acute eyesight.
                  | (SInv) [potion of mutation]
 80107 | Zot:4    | Lost mutation: Your body sometimes deteriorates upon taking
                  | damage. [potion of mutation]
 80107 | Zot:4    | Gained mutation: You are agile. (Dex +2) [potion of
                  | mutation]
 80107 | Zot:4    | Gained mutation: You are very agile. (Dex +4) [potion of
                  | mutation]
 80108 | Zot:4    | Lost mutation: You are frail. (-10% HP) [potion of
                  | mutation]
 80108 | Zot:4    | Lost mutation: You are weak. (Str -2) [potion of mutation]
 80108 | Zot:4    | Gained mutation: Your body sometimes deteriorates upon
                  | taking damage. [potion of mutation]
 80108 | Zot:4    | Gained mutation: You have supernaturally acute eyesight.
                  | (SInv) [potion of mutation]
 80109 | Zot:4    | Lost mutation: You are very agile. (Dex +4) [potion of
                  | mutation]
 80109 | Zot:4    | Lost mutation: You have an increased reservoir of magic.
                  | (+10% MP) [potion of mutation]
 80109 | Zot:4    | Gained mutation: You expend magic power (3 MP) to
                  | strengthen your wands. [potion of mutation]
 80110 | Zot:4    | Lost mutation: You expend magic power (3 MP) to strengthen
                  | your wands. [potion of mutation]
 80110 | Zot:4    | Lost mutation: Your body sometimes deteriorates upon taking
                  | damage. [potion of mutation]
 80110 | Zot:4    | Gained mutation: You are partially covered in molten
                  | scales. (AC +2) [potion of mutation]
 80110 | Zot:4    | Gained mutation: You evolve. [potion of mutation]
 80111 | Zot:4    | Lost mutation: You are agile. (Dex +2) [potion of mutation]
 80111 | Zot:4    | Lost mutation: You are occasionally teleported next to
                  | monsters. [potion of mutation]
 80111 | Zot:4    | Lost mutation: You have sharp fingernails. [potion of
                  | mutation]
 80111 | Zot:4    | Gained mutation: You are partially covered in iridescent
                  | scales. (AC +2) [potion of mutation]
 80122 | Zot:5    | Killed an ancient lich
 80126 | Zot:5    | Noticed an ancient lich
 80126 | Zot:5    | Noticed an ancient lich
 80144 | Zot:4    | Killed an ancient lich
 80148 | Zot:4    | Gained mutation: You are dopey. (Int -2) [an orb of fire]
 80155 | Zot:4    | Gained mutation: Your body sometimes deteriorates upon
                  | taking damage. [an orb of fire]
 80157 | Zot:4    | Gained mutation: Your spells are a little easier to cast,
                  | but a little less powerful. [an orb of fire]
 80159 | Zot:4    | Killed an orb of fire
 80167 | Zot:4    | Paralysed by an ancient lich for 6 turns
 80194 | Zot:4    | Killed an ancient lich
 80199 | Zot:4    | Killed an ancient lich
 80360 | Zot:4    | Received a gift from Okawaru
 80400 | Zot:5    | Noticed an ancient lich
 80414 | Zot:4    | Killed an ancient lich
 80466 | Zot:5    | Noticed an ancient lich
 80475 | Zot:5    | Killed an ancient lich
 80476 | Zot:5    | Reached skill level 15 in Invocations
 80587 | Zot:5    | Received a gift from Okawaru
 80658 | Zot:5    | Received a gift from Okawaru
 81262 | Temple   | Fell from the grace of Okawaru
 81262 | Temple   | Became a worshipper of the Shining One
 81478 | Crypt:1  | Entered Level 1 of the Crypt
 81606 | Crypt:1  | Reached * piety under the Shining One
 81699 | Crypt:1  | Reached ** piety under the Shining One
 81853 | Crypt:1  | Reached *** piety under the Shining One
 82214 | Crypt:2  | Gained mutation: You have very sharp teeth. [evolution]
 82376 | Crypt:2  | Reached **** piety under the Shining One
 82799 | Crypt:2  | Found a runed translucent gate.
 82799 | Crypt:2  | Found a runed translucent gate.
 82799 | Crypt:2  | Found a runed translucent gate.
 82799 | Crypt:2  | Reached ***** piety under the Shining One
 82938 | Crypt:3  | Entered Level 3 of the Crypt
 83059 | Crypt:3  | Reached ****** piety under the Shining One
 83111 | Crypt:3  | Found an ancient bone altar of Kikubaaqudgha.
 83177 | Crypt:3  | Identified a +9 eveningstar of holy wrath (a +9 eveningstar
                  | of freezing blessed by the Shining One)
 83177 | Crypt:3  | Received a gift from the Shining One
 83562 | Crypt:3  | Found a staircase to the Tomb.
 84590 | Dis:1    | Entered Level 1 of the Iron City of Dis
 85130 | Dis:3    | You fall into a shaft and drop 3 floors!
 85300 | Dis:6    | You fall into a shaft and drop 1 floor!
 85300 | Dis:7    | Entered Level 7 of the Iron City of Dis
 85508 | Dis:7    | Lost mutation: You have supernaturally acute eyesight.
                  | (SInv) [a cacodemon]
 86156 | Dis:7    | Reached skill level 27 in Fighting
 86273 | Dis:7    | Identified the ring "Raseojoa" {rPois rF+ rC- Will+ Str+3}
 86828 | Dis:7    | Reached skill level 1 in Evocations
 87057 | Dis:7    | Identified the +3 crystal plate armour of Untold Secrets
                  | {rC+ rCorr Int-5 Stlth+}
 87094 | Dis:7    | Identified the +4 staff of Dispater
 87094 | Dis:7    | Noticed Dispater
 87127 | Dis:7    | Killed Dispater
 87176 | Dis:7    | Got an iron rune of Zot
 87391 | Coc:1    | Entered Level 1 of Cocytus
 88866 | Coc:7    | Entered Level 7 of Cocytus
 90094 | Coc:7    | Identified the +11 flail of Zywusch Upna {pain, +Rage rPois
                  | Int-4}
 90094 | Coc:7    | Noticed Antaeus
 90132 | Coc:7    | Killed Antaeus
 90383 | Coc:7    | Got an icy rune of Zot
 90442 | Coc:7    | Acquired 1012 gold pieces
 90583 | Tar:1    | Entered Level 1 of Tartarus
 90854 | Tar:2    | Was forgiven by Okawaru
 91475 | Tar:6    | You are sucked into a shaft and drop 1 floor!
 91475 | Tar:7    | Entered Level 7 of Tartarus
 91476 | Tar:7    | Noticed an ancient lich
 91478 | Tar:7    | Noticed an ancient lich
 91489 | Tar:7    | Killed an ancient lich
 91498 | Tar:7    | Killed an ancient lich
 91622 | Tar:7    | Reached skill level 27 in Armour
 91787 | Tar:7    | Noticed Ereshkigal
 92037 | Tar:7    | Killed Ereshkigal
 92084 | Tar:7    | Got a bone rune of Zot
 92262 | Geh:1    | Entered Level 1 of Gehenna
 92393 | Geh:1    | Reached skill level 27 in Invocations
 92593 | Geh:2    | Reached skill level 1 in Dodging
 92620 | Geh:3    | Gained mutation: You have a pair of small antennae on your
                  | head. [evolution]
 92993 | Geh:3    | Reached skill level 15 in Throwing
 93033 | Geh:4    | You are sucked into a shaft and drop 1 floor!
 93552 | Geh:7    | Entered Level 7 of Gehenna
 93569 | Geh:7    | Reached skill level 5 in Dodging
 93856 | Geh:7    | Noticed the Serpent of Hell
 93865 | Geh:7    | Killed the Serpent of Hell
 94260 | Geh:7    | Identified the +7 sceptre of Asmodeus
 94260 | Geh:7    | Noticed Asmodeus
 94281 | Geh:7    | Killed Asmodeus
 94287 | Geh:7    | Got an obsidian rune of Zot
 94497 | Pan      | Entered Pandemonium
 94873 | Pan      | Noticed Zinkep the pandemonium lord
 94907 | Pan      | Killed Zinkep the pandemonium lord
 95375 | Pan      | Got a demonic rune of Zot
 95377 | Pan      | Got a pair of brightly glowing gloves
 95378 | Pan      | Identified the +2 pair of gloves of Gozag's Hope {rF+ rC-
                  | Dex+4} (You found it in Pandemonium)
 95818 | Pan      | Entered the realm of Lom Lobon.
 96033 | Pan      | Noticed Lom Lobon
 96042 | Pan      | Cast into level 4 of the Abyss (a lich)
 96042 | Abyss:4  | Found a corrupted altar of Lugonu.
 96129 | Abyss:4  | Found a corrupted altar of Lugonu.
 96207 | Abyss:4  | Paralysed by accursed screaming for 1 turns
 96268 | Abyss:4  | Found a corrupted altar of Lugonu.
 96294 | Abyss:4  | Reached skill level 10 in Dodging
 96299 | Pan      | Escaped the Abyss
 96525 | Pan      | Found an exit through the horrors of the Abyss.
 97077 | Pan      | Killed Lom Lobon
 97118 | Pan      | Got a magical rune of Zot
 97750 | Pan      | Entered the realm of Gloorx Vloq.
 98124 | Pan      | Identified the Volume of Fire and the Escort
 98131 | Pan      | Noticed Gloorx Vloq
 98140 | Pan      | Killed Gloorx Vloq
 98152 | Pan      | Got a dark rune of Zot
 98520 | Pan      | Noticed Kihanaa the pandemonium lord
 98539 | Pan      | Killed Kihanaa the pandemonium lord
 98582 | Pan      | Entered the realm of Cerebov.
 98797 | Pan      | Identified the +6 sword of Cerebov {flame}
 98797 | Pan      | Noticed Cerebov
 98823 | Pan      | Identified the +6 long sword "Killer Klown's Bane" {freeze,
                  | Str-2 Int+4 Dex+2}
 99003 | Pan      | Killed Cerebov
 99018 | Pan      | Identified the +1 helmet of the Spheres {+Fly rElec rC+
                  | Dex-5} (You found it in Pandemonium)
 99093 | Pan      | Identified the +2 pair of boots "Odosuch" {Harm rPois rF-
                  | rC++} (You found it in Pandemonium)
 99105 | Pan      | Identified the Incunabulum of Creative Black Magic
 99157 | Pan      | Identified Xixzel's Catalogue of the Rocks and
                  | Weightlessness
 99165 | Pan      | Got a coiled wooden ring
 99166 | Pan      | Identified the ring "Merph" {*Tele *Slow rElec rF+ Dex+5}
                  | (You found it in Pandemonium)
 99210 | Pan      | Got a fiery rune of Zot
 99558 | Pan      | Noticed Qyis the pandemonium lord
 99875 | Pan      | Found an exit through the horrors of the Abyss.
100129 | Pan      | Entered the realm of Mnoleg.
100192 | Pan      | Found an exit through the horrors of the Abyss.
100210 | Pan      | Gained mutation: You tend to lose your temper in combat. [a
                  | cacodemon]
100212 | Pan      | Gained mutation: Scrolls take you a little longer to read.
                  | [a cacodemon]
100262 | Pan      | Gained mutation: You are very dopey. (Int -4) [a neqoxec]
100339 | Pan      | Gained mutation: You are clumsy. (Dex -2) [a cacodemon]
100361 | Pan      | Noticed Mnoleg
100376 | Pan      | Lost intelligence.
100378 | Pan      | Killed Mnoleg
100379 | Pan      | Lost mutation: Your body sometimes deteriorates upon taking
                  | damage. [a cacodemon]
100392 | Pan      | Gained mutation: You are frail. (-10% HP) [a neqoxec]
100546 | Pan      | Paralysed by a floating eye for 4 turns
100594 | Pan      | Got a glowing rune of Zot
100686 | Pan      | Identified the cursed +0 tower shield of the Snail {rN+++}
100855 | Pan      | Lost mutation: You are partially covered in molten scales.
                  | (AC +2) [potion of mutation]
100855 | Pan      | Lost mutation: Scrolls take you a little longer to read.
                  | [potion of mutation]
100855 | Pan      | Lost mutation: Your spells are a little easier to cast, but
                  | a little less powerful. [potion of mutation]
100855 | Pan      | Lost mutation: You are frail. (-10% HP) [potion of
                  | mutation]
100855 | Pan      | Gained mutation: You are very clumsy. (Dex -4) [potion of
                  | mutation]
100855 | Pan      | Gained mutation: You are partially covered in thin metallic
                  | scales. (AC +2) [potion of mutation]
100856 | Pan      | Lost mutation: You are very dopey. (Int -4) [potion of
                  | mutation]
100856 | Pan      | Lost mutation: You are very clumsy. (Dex -4) [potion of
                  | mutation]
100856 | Pan      | Gained mutation: You are frail. (-10% HP) [potion of
                  | mutation]
100856 | Pan      | Lost mutation: You are clumsy. (Dex -2) [potion of
                  | mutation]
100857 | Pan      | Lost mutation: You are partially covered in iridescent
                  | scales. (AC +2) [potion of mutation]
100857 | Pan      | Lost mutation: Armour fits poorly on your strangely shaped
                  | body. [potion of mutation]
100857 | Pan      | Lost mutation: You are dopey. (Int -2) [potion of mutation]
100857 | Pan      | Lost mutation: You have very sharp teeth. [potion of
                  | mutation]
100857 | Pan      | Gained mutation: Your magical capacity is low. (-10% MP)
                  | [potion of mutation]
100857 | Pan      | Gained mutation: Your mind is acute. (Int +2) [potion of
                  | mutation]
100858 | Pan      | Lost mutation: Your magical capacity is low. (-10% MP)
                  | [potion of mutation]
100858 | Pan      | Lost mutation: Your mind is acute. (Int +2) [potion of
                  | mutation]
100858 | Pan      | Lost mutation: You are partially covered in thin metallic
                  | scales. (AC +2) [potion of mutation]
100858 | Pan      | Lost mutation: You tend to lose your temper in combat.
                  | [potion of mutation]
100858 | Pan      | Lost mutation: You are frail. (-10% HP) [potion of
                  | mutation]
100858 | Pan      | Gained mutation: You possess an exceptional clarity of
                  | mind. [potion of mutation]
100858 | Pan      | Gained mutation: You are surrounded by a mild repulsion
                  | field. (EV +2) [potion of mutation]
101021 | Pan      | Found an exit through the horrors of the Abyss.
101126 | Pan      | Took an exit into the Abyss.
101126 | Abyss:1  | Escaped into the Abyss
101162 | Abyss:1  | Gained mutation: You passively map a small area around you.
                  | [evolution]
101637 | Abyss:1  | Gained mutation: You occasionally shout uncontrollably at
                  | your foes. [a neqoxec]
101638 | Abyss:1  | Gained mutation: Armour fits poorly on your strangely
                  | shaped body. [a neqoxec]
101688 | Depths:3 | Escaped the Abyss
102052 | Vaults:5 | Entered Level 5 of the Vaults
102679 | Vaults:5 | Identified the +6 halberd of Accidental Termination
                  | {freeze, rElec rPois rF- Str-4}
102832 | Vaults:5 | Identified the cursed +1 hunting sling of Trial by Ordeal
                  | {freeze, rN+ Will+ Str+2}
103339 | Vaults:5 | Got a silver rune of Zot
104074 | Vaults:5 | Identified the Disquisition on Calling and Black Rituals
104486 | Depths:4 | Voluntarily entered the Abyss.
104486 | Abyss:1  | Found a corrupted altar of Lugonu.
104619 | Abyss:1  | Found a corrupted altar of Lugonu.
104681 | Abyss:1  | Found a corrupted altar of Lugonu.
104775 | Abyss:2  | Found a shimmering blue altar of Sif Muna.
104794 | Abyss:2  | Identified the Tome of the Glacier
104800 | Abyss:2  | Identified the Volume of Pathos
104803 | Abyss:2  | Identified the Handbook of Cold
104809 | Abyss:2  | Found a shimmering blue altar of Sif Muna.
104811 | Abyss:2  | Identified the Handbook of Moulding
104814 | Abyss:2  | Identified Sif Muna's Grimoire of Heat
104818 | Abyss:2  | Identified Zysixkuh's Volume of Unholy Rituals
104820 | Abyss:2  | Identified Kikubaaqudgha's Grimoire of Evil Rituals
104823 | Abyss:2  | Identified the Incunabulum of Cold
104825 | Abyss:2  | Identified Sif Muna's Guide on Envenoming
104850 | Abyss:2  | Identified the Catalogue of Glamour
105233 | Abyss:3  | Found a corrupted altar of Lugonu.
105451 | Abyss:3  | Found a corrupted altar of Lugonu.
105474 | Abyss:3  | Paralysed by accursed screaming for 1 turns
105822 | Abyss:3  | Gained mutation: Scrolls take you a little longer to read.
                  | [a neqoxec]
105894 | Abyss:3  | Paralysed by accursed screaming for 1 turns
106360 | Abyss:3  | Reached skill level 27 in Throwing
106395 | Abyss:3  | Reached skill level 1 in Stealth
106459 | Abyss:3  | Reached skill level 5 in Evocations
106914 | Abyss:3  | Reached skill level 5 in Stealth
107219 | Abyss:3  | Gained mutation: Your magical capacity is low. (-10% MP) [a
                  | neqoxec]
107354 | Abyss:3  | Got an abyssal rune of Zot
107505 | Depths:4 | Escaped the Abyss
107838 | Vaults:5 | Lost mutation: You occasionally shout uncontrollably at
                  | your foes. [potion of mutation]
107838 | Vaults:5 | Lost mutation: You possess an exceptional clarity of mind.
                  | [potion of mutation]
107838 | Vaults:5 | Lost mutation: Your magical capacity is low. (-10% MP)
                  | [potion of mutation]
107838 | Vaults:5 | Gained mutation: Your muscles are strong. (Str +2) [potion
                  | of mutation]
107838 | Vaults:5 | Gained mutation: Your muscles are very strong. (Str +4)
                  | [potion of mutation]
108236 | D:14     | Gained mutation: You are partially covered in iridescent
                  | scales. (AC +2) [evolution]
108464 | Tomb:1   | Entered Level 1 of the Tomb of the Ancients
108578 | Tomb:1   | Paralysed by a sphinx for 5 turns
108934 | Tomb:1   | Noticed a royal mummy
108944 | Tomb:1   | Killed a royal mummy
109019 | Tomb:1   | Reached skill level 10 in Stealth
109399 | Tomb:2   | Noticed a royal mummy
109400 | Tomb:2   | Noticed a royal mummy
109404 | Tomb:2   | Noticed a royal mummy
109404 | Tomb:2   | Noticed a royal mummy
109408 | Tomb:2   | Noticed a royal mummy
109421 | Tomb:2   | Killed a royal mummy
109436 | Tomb:2   | Reached skill level 10 in Evocations
109438 | Tomb:2   | Killed a royal mummy
109441 | Tomb:2   | Killed a royal mummy
109441 | Tomb:2   | Killed a royal mummy
109442 | Tomb:2   | Killed a royal mummy
109832 | Tomb:1   | Noticed a royal mummy
109843 | Tomb:1   | Noticed a royal mummy
109849 | Tomb:1   | Killed a royal mummy
109865 | Tomb:1   | Noticed a royal mummy
109867 | Tomb:1   | Noticed a royal mummy
109868 | Tomb:1   | Killed a royal mummy
109870 | Tomb:1   | Killed a royal mummy
109881 | Tomb:1   | Killed a royal mummy
110080 | Tomb:1   | Noticed a royal mummy
110080 | Tomb:1   | Noticed a royal mummy
110087 | Tomb:1   | Killed a royal mummy
110096 | Tomb:1   | Killed a royal mummy
110111 | Tomb:1   | Noticed a royal mummy
110119 | Tomb:1   | Killed a royal mummy
110152 | Tomb:1   | Noticed a royal mummy
110159 | Tomb:1   | Noticed a royal mummy
110162 | Tomb:1   | Killed a royal mummy
110167 | Tomb:1   | Noticed a royal mummy
110173 | Tomb:1   | Killed a royal mummy
110182 | Tomb:1   | Killed a royal mummy
110202 | Tomb:1   | Noticed a royal mummy
110214 | Tomb:1   | Killed a royal mummy
110317 | Tomb:1   | Noticed a royal mummy
110320 | Tomb:1   | Noticed a royal mummy
110331 | Tomb:1   | Killed a royal mummy
110335 | Tomb:1   | Killed a royal mummy
110661 | Tomb:3   | Entered Level 3 of the Tomb of the Ancients
110706 | Tomb:3   | Noticed a royal mummy
110726 | Tomb:3   | Reached skill level 15 in Stealth
110736 | Tomb:3   | Noticed a royal mummy
110741 | Tomb:3   | Noticed a royal mummy
110744 | Tomb:3   | Killed a royal mummy
110751 | Tomb:3   | Killed a royal mummy
110751 | Tomb:3   | Killed a royal mummy
110764 | Tomb:3   | Noticed a royal mummy
110771 | Tomb:3   | Noticed an ancient lich
110772 | Tomb:3   | Killed a royal mummy
110778 | Tomb:3   | Noticed a royal mummy
110781 | Tomb:3   | Killed an ancient lich
110783 | Tomb:3   | Noticed a royal mummy
110784 | Tomb:3   | Noticed a royal mummy
110794 | Tomb:3   | Killed a royal mummy
110798 | Tomb:3   | Killed a royal mummy
110810 | Tomb:3   | Noticed a royal mummy
110811 | Tomb:3   | Killed a royal mummy
110819 | Tomb:3   | Killed a royal mummy
110916 | Tomb:3   | Got a translucent jade ring
110928 | Tomb:3   | Got a glittering marble ring
110962 | Tomb:3   | Identified Akhlem's Handbook of Greatest Risks and Utility
110980 | Tomb:3   | Identified the ring of Ciokiun {rPois rC+} (You found it on
                  | level 3 of the Tomb of the Ancients)
110982 | Tomb:3   | Identified the ring "Ajahy" {Int+6 Dex+6} (You found it on
                  | level 3 of the Tomb of the Ancients)
110984 | Tomb:3   | Identified the +5 kite shield of Sunlight {*Contam MP+9
                  | Str+3 Dex+2} (You found it on level 3 of the Tomb of the
                  | Ancients)
111254 | Tomb:3   | Identified the ring "Vagrim" {MP+9 Str+7 Int-3 Stlth+} (You
                  | found it on level 3 of the Tomb of the Ancients)
111268 | Tomb:3   | Got a golden rune of Zot
112006 | Zot:5    | Got the Orb of Zot
112176 | Depths:3 | Noticed Saboz the pandemonium lord
112186 | Depths:3 | Killed Saboz the pandemonium lord
112371 | D:15     | Noticed Qytel the pandemonium lord
112567 | D:6      | Noticed Vet Leps the pandemonium lord
112579 | D:6      | Cast into level 5 of the Abyss (Vet Leps)
112579 | Abyss:5  | Entered Level 5 of the Abyss
112614 | D:6      | Escaped the Abyss
112615 | D:6      | Killed Vet Leps the pandemonium lord
112773 | D:$      | Escaped with the Orb!

Illustrated notes

Levels and vault maps discovered:
D:1:      elethiomel_arrival_shortcut, layout_loops_corners, corner_web_ring
D:2:      layout_basic
D:3:      layout_loops_cross
D:4:      layout_gridville, old_standard_altar
D:5:      layout_rooms, nemelex_altar_shiori, kennysheep_mini_moat,
          serial_bayou_pond_b, uniq_sigmund
D:6:      layout_cave_pools, kennysheep_okawaru_gauntlet, serial_gnoll_camp,
          gnoll_camp_mini_house, gnoll_camp_mini_basic, gnoll_camp_medium_01,
          gnoll_camp_mini_shop, uniq_pikel
D:7:      layout_basic, gammafunk_temple_overflow_wave,
          minmay_temple_entry_poolview, serial_shops, nicolae_shop_trees
D:8:      layout_basic, david_lair_generic, gammafunk_ghost_gnarly_gnolls,
          uniq_grum
D:9:      layout_big_octagon, st_stairs_6, uniq_joseph
D:10:     layout_cave_pools, uniq_maurice, uniq_snorg, uniq_fannar
D:11:     minmay_twisted_water, layout_basic, orc_0_dummy
D:12:     layout_roguey, uniq_nergalle, uniq_azrael
D:13:     layout_basic, portal_ice_cave_entry_ice_beasts
D:14:     layout_small_grid, david_vaults_2, uniq_louise
D:15:     hangedman_depths_entry_try_elsewhere_first, layout_basic,
          minmay_misc_feat_rows, small_statue_intersection
Temple:   eino_temple_rhombus
Lair:1:   layout_loops_ring, nicolae_volcano_entry_two_sided,
          serial_bayou_pond_a, grunt_megastairs_2, uniq_maggie
Lair:2:   layout_gridlike
Lair:3:   mu_elephants_graveyard, layout_chaotic_city, dummy_snake_entry
Lair:4:   layout_cave_pods, shoals_dummy_entry, serial_bayou_shore_b
Lair:5:   layout_regular_city, chequers_serial_rivers_micro_d,
          grunt_forest_large_clearings, serial_bayou_shore_b,
          infiniplex_staircase_pool
Lair:6:   evil_forest, layout_cave_pods, slime_altar_1
Shoals:1: cheibrodos_shoals_gigantism, layout_shoals
Shoals:2: layout_shoals, ebering_ghost_reflecting_pool, kb_tengu_band,
          uniq_ilsuiw
Shoals:3: layout_shoals, minmay_shop_enchanted_jewellery, uniq_mara,
          uniq_polyphemus
Shoals:4: shoals_end_hangedman, layout_shoals, serial_shops,
          nicolae_shop_crystal
Snake:1:  layout_chambers, amcnicky_altar_lugonu_corruption,
          serial_bayou_shore_b
Snake:2:  dpeg_oklob_gauntlet, layout_onion, grunt_megastairs_3
Snake:3:  layout_honeycomb, uniq_asterion
Snake:4:  snake_pit, layout_cave_town, grunt_ministairs_9, uniq_aizul,
          uniq_vashnia, uniq_bai_suzhen
Slime:1:  layout_caves
Slime:2:  layout_caves
Slime:3:  cheibrodos_slime_lost_civilization_10, layout_caves
Slime:4:  layout_caves, nicolae_slime_barrier
Slime:5
Orc:1:    layout_diamond_mine, enter_bailey_7, serial_shops, shop
Orc:2:    grunt_orc_tribal_feast, layout_caves, basic_altar, serial_shops, shop
Elf:1:    minmay_the_grid_octo_tiled_squarecenter [minmay_the_grid_octo_focus,
          minmay_the_grid_octo_odd_swirl, minmay_the_grid_octo_toaster,
          minmay_the_grid_octo_chip,
          minmay_the_grid_square_5x5_megaprize_diamond,
          minmay_the_grid_square_5x5_intrusive_squares,
          minmay_the_grid_square_5x5_v, minmay_the_grid_square_5x5_broken_cross,
          minmay_the_grid_square_5x5_checkered], layout_geoelf_octagon,
          serial_shops, shop_statue, nicolae_shop_trees, special_room
          [special_room_orc], kennysheep_underground_church
Elf:2:    layout_rooms, serial_shops, nicolae_shop_crystal
Elf:3:    minmay_elf_hall_statues, layout_geoelf_diagonals
Vaults:1: nicolae_vaults_network_star, v_rooms_2, v_misc_14,
          hangedman_vaults_impose, hangedman_vaults_corner_blocks,
          nicolae_vaults_ring_of_whatevers, hangedman_vaults_locks,
          nicolae_vaults_diagonal_hallway_9, v_misc_3,
          nicolae_vaults_bisected_slash, ontoclasm_vaults_chip,
          ontoclasm_vaults_chip, grunt_vaults_focal, layout_vaults_chaotic_city,
          serial_shops, nicolae_shop_crystal
Vaults:2: vaults_dpeg_encased_lava, ontoclasm_vaults_ring_square,
          minmay_crypt_entry_simple_plaza, v_misc_17, vaults_dpeg_ring,
          vaults_room_pool, layout_vaults_omnigrid, enter_trove_3
Vaults:3: nicolae_vaults_windows_and_doors_thing, ontoclasm_vaults_idyll,
          v_alt_pattern_6, nicolae_vaults_octagons,
          nicolae_vaults_network_quincunx
          [nicolae_vaults_network_quincunx_subvault,
          nicolae_vaults_network_quincunx_subvault,
          nicolae_vaults_network_quincunx_subvault,
          nicolae_vaults_network_quincunx_subvault,
          nicolae_vaults_network_quincunx_subvault], v_misc_9, serial_ice_b,
          nicolae_vaults_diagonal_hallway_6, hangedman_vaults_slither,
          hangedman_vaults_maws, vaults_dpeg_spiral, vaults_dpeg_diagonal,
          hangedman_vaults_corner_blocks, nicolae_vaults_gold_heap,
          layout_vaults_omnicross, serial_shops, nicolae_shop_behind_doors
Vaults:4: nicolae_vaults_little_squares_5, v_misc_16, vaults_dpeg_doors,
          nicolae_vaults_little_squares_4, nicolae_vaults_yaktaur_gun_rack,
          nicolae_vaults_back_hallway, v_misc_26, vaults_room_stairs_pillars,
          v_alt_pattern_3, ontoclasm_vaults_ring_large, vaults_room_hallway,
          vaults_room_stairs_pillars, v_misc_31, v_misc_26, vaults_mumra_lcd,
          hangedman_vaults_slice, vaults_mumra_hex, layout_vaults_omnibox,
          uniq_jory, uniq_saint_roka, uniq_donald
Vaults:5: serial_shops
Crypt:1:  layout_misc_corridors, grunt_crypt_arrival_split
Crypt:2:  layout_gridlike, pandoras_box_mu
Crypt:3:  grunt_crypt_end_deaths_head
Tomb:1
Tomb:2
Tomb:3
Depths:1: abrahamwl_protected_by_tso_1, layout_basic,
          minmay_misc_feat_more_columns, hell_entry, serial_shops, shop,
          minmay_misc_feat_room, minivault_14, minmay_misc_feat_enclosed,
          minmay_fire_ice_demons, serial_bayou_shore_b
Depths:2: kb_forest_paths, layout_basic, pf_coc_iceberg, serial_shops,
          nicolae_shop_behind_doors, nicolae_shop_behind_doors, shop, shop,
          kennysheep_little_box, serial_bayou_shore_b
Depths:3: minmay_tri_box, layout_gridlike, chequers_serial_rivers_micro_b,
          grunt_mini_vestibule, grunt_pan_entry_in_and_out,
          gammafunk_ghost_necromancy, serial_co_window_serial,
          co_window_paths_b, co_window_of_opportunity_a, co_window_paths_a,
          co_window_corner_a, co_window_corner_a, co_window_paths_a,
          glass_columns_a, glass_columns_a, glass_columns_a,
          kennysheep_generic_room_9
Depths:4: minmay_glassy_protrusions, layout_cave_shapes, minmay_room_of_horrors,
          hell_entry, rand_demon_pan_entry_4, minmay_alternating_orb,
          roderic_lattice_octagonal_star
Depths:5: grunt_zot_entry_bicorn, layout_cave_pools, enter_ziggurat_b,
          basic_altar, serial_column_ruins, column_ruins_hut,
          column_ruins_open_tiny, column_ruins_columns_straight,
          column_ruins_open_medium, column_ruins_open_tiny, hell_entry,
          grunt_ministairs_8, onia_ninara_cookie, infiniplex_staircase_pool_lava
Hell
Dis:1:    layout_jigsaw
Dis:2:    layout_subdivisions
Dis:3:    layout_subdivisions
Dis:6:    layout_gridville
Dis:7:    iron_city_of_dis [dis_grunt, dis_wall_5], layout_chaotic_city
Geh:1:    layout_gehenna_lava_caves
Geh:2:    layout_gehenna_pools_basic
Geh:3:    layout_gehenna_lava_caves
Geh:4:    layout_gehenna_lava_caves
Geh:5:    layout_gehenna_pools_box
Geh:6:    layout_gehenna_pools_triple, lemuel_hellish_altar
Geh:7:    geh_old
Coc:1:    layout_cocytus_water_paths
Coc:2:    layout_ice_bergs
Coc:3:    layout_ice_bergs
Coc:4:    layout_cocytus_delve, serial_ice, serial_ice_m, serial_ice_c,
          serial_ice_a, serial_ice_n, serial_ice_e, serial_ice_h, serial_ice_f,
          serial_ice_j, grunt_cocytus_stairs_refrigerator
Coc:5:    layout_ice_bergs
Coc:6:    layout_cocytus_water_paths
Coc:7:    coc_grunt_cove [coc_grunt_cove_antaeus, coc_grunt_cove_fiend,
          coc_grunt_cove_fiend, coc_grunt_cove_fiend, coc_grunt_cove_fiend]
Tar:1:    layout_honeycomb, evilmike_ambush [evilmike_ambush_outer_pillars,
          evilmike_ambush_inner_basic]
Tar:2:    layout_catacombs
Tar:3:    layout_cathedral_of_symmetry, nicolae_tar_cuneiform_three
Tar:4:    layout_catacombs
Tar:5:    layout_grid_maze
Tar:6:    regret_index_dithmenos_brocken_genspenst, layout_grid_maze,
          nicolae_tar_cuneiform_two
Tar:7:    tar_old
Zot:1:    layout_gridlike
Zot:2:    layout_misc_corridors, grunt_megastairs_5
Zot:3:    layout_gridville
Zot:4:    grunt_twist_and_shout, layout_cathedral_of_symmetry, st_stairs_5,
          hangedman_player_shredder
Zot:5:    layout_onion

Skill      XL: |  1  2  3  4  5  6  7  8  9 10 11 12 13 14 15 16 17 18 19 20 21 22 23 24 25 26 27 |
---------------+----------------------------------------------------------------------------------+-----
Maces & Flails | 3 4 5 6 7 9 11 12 13 14 16 18 23 | 23.8
Shields        | 5 10 12 14 15 16 17 18 19 21 23 26 27 | 27.0
Fighting       | 4 8 11 12 14 16 17 19 20 21 27 | 27.0
Armour         | 6 11 15 16 17 18 19 20 27 | 27.0
Invocations    | 8 10 27 | 27.0
Spellcasting   | 4 8 |  8.0
Throwing       | 1 6 7 11 14 27 | 27.0
Translocations | 1 6 7 10 12 13 | 13.6
Evocations     | 14 | 14.1
Dodging        | 10 | 10.4
Stealth        | 16 | 16.8

Action                   |  1- 3 |  4- 6 |  7- 9 | 10-12 | 13-15 | 16-18 | 19-21 | 22-24 | 25-27 || total
-------------------------+-------+-------+-------+-------+-------+-------+-------+-------+-------++-------
Melee: Flail             |   111 |   196 |   288 |       |       |       |       |       |       ||   595
       Whip              |       |       |   130 |   224 |       |       |       |       |       ||   354
       Morningstar       |       |       |       |   432 |   301 |       |       |       |       ||   733
       Demon whip        |       |       |       |       |  1298 |  1236 |       |       |       ||  2534
       Eveningstar       |       |       |       |       |       |   503 |  1680 |  2492 | 11088 || 15763
       Bite              |       |       |       |       |       |       |       |       |   995 ||   995
Throw: Javelin           |       |       |       |       |       |       |    78 |    11 |   149 ||   238
 Cast: Lesser Beckoning  |       |       |       |       |       |       |       |       |    37 ||    37
       Blink             |       |       |       |       |       |       |       |       |    13 ||    13
Invok: Heroism           |       |       |       |     5 |       |     1 |     2 |     1 |     1 ||    10
       Finesse           |       |       |       |     1 |       |       |     3 |     7 |     4 ||    15
       Cleansing Flame   |       |       |       |       |       |       |       |       |   123 ||   123
       Summon Divine War |       |       |       |       |       |       |       |       |     1 ||     1
       Brand Weapon With |       |       |       |       |       |       |       |       |     1 ||     1
 Abil: Fly               |       |       |       |       |     1 |     1 |       |       |    11 ||    13
       Stop Flying       |       |       |       |       |       |     1 |       |       |    11 ||    12
Evoke: Wand              |       |       |    12 |     8 |     7 |       |     3 |       |     1 ||    31
       Condenser vane    |       |       |       |       |       |     1 |     1 |     1 |     1 ||     4
       Phantom mirror    |       |       |       |       |       |       |       |     1 |       ||     1
  Use: Potion            |       |       |     1 |     3 |     3 |     1 |     5 |    15 |    40 ||    68
       Scroll            |       |       |       |    12 |    27 |     8 |    15 |    22 |    51 ||   135
 Stab: Paralysed         |       |       |       |     2 |       |       |       |       |       ||     2
       Petrified         |       |       |       |       |       |       |     8 |       |       ||     8
Armor: Scale mail        |    80 |    79 |   137 |    72 |       |       |       |       |       ||   368
       Ring mail         |       |       |       |   146 |   335 |    26 |       |       |       ||   507
       Chain mail        |       |       |       |       |       |   758 |   662 |       |       ||  1420
       Crystal plate arm |       |       |       |       |       |       |   172 |  1791 |  1275 ||  3238
       Gold dragon scale |       |       |       |       |       |       |       |       |  4312 ||  4312
Dodge: Dodged            |    46 |    80 |   153 |   245 |   348 |   395 |   314 |   536 |  2159 ||  4276
Block: Kite shield       |    75 |   107 |   314 |   411 |  1034 |  1164 |  1004 |  1792 |   734 ||  6635
       Reflection        |       |       |     9 |     2 |       |       |       |       |       ||    11
       Tower shield      |       |       |       |       |       |       |       |       | 13693 || 13693
